Cogmind - Beta 12 X4 @@@ ROGUE MODE // 2022.12.11 @ 15:55:16 Player: aoemica Result: Fortifying 0b10! Performance ------------- Evolutions (9) 4500 Regions Visited (31) 6200 Robots Destroyed (600) 3000 Value Destroyed (35195) 35195 Prototype IDs (48) 960 Alien Tech Used (2) 400 Bonus (24633) 24633 TOTAL SCORE: 74888 Bonus ------- High Alert Combat Kills 5617 Follower Combat Kills 3974 Entered Garrisons 1600 Used RIF Installer 5500 Met Zhirov 300 Met MAIN.C 5000 Destroyed MAIN.C Shell 5000 Win 3000 Friendly Fire -5358 Cogmind --------- Core Integrity 467/1600 Matter 291/300 Energy 87/100 System Corruption 3% Temperature Cool (0) Movement Core (50) Location By MAIN.C's Side Parts ------- > --- POWER (4) -------- (None) > --- PROPULSION (7) --- Armored Heavy Treads Experimental Biometal Heavy Treads Enhanced Armored Heavy Treads > --- UTILITY (12) ----- Spectral Analyzer Core Analyzer Graphene Brace > --- WEAPON (3) ------- (None) > --- INVENTORY (5) ---- Antimissile System Disintegrator Multirail Peak State ------------ > --- POWER ------------ Improved Quantum Reactor Zero-point Reactor Vortex Chain Reactor > --- PROPULSION ------- Biometal Medium Treads Armored Heavy Treads Experimental Biometal Heavy Treads Advanced Heavy Siege Treads > --- UTILITY ---------- Advanced Cooling System Huge Storage Unit Spectral Analyzer Core Analyzer Centrium Medium Armor Plating Centrium Medium Armor Plating Graphene Brace Advanced Force Field Antimissile System Antimissile System Experimental System Purifier Long-range Tractor Beam > --- WEAPON ----------- Multirail Multirail Z-bomb Delivery System > --- INVENTORY -------- Quantum Reactor Light Quantum Reactor Armored Heavy Treads Armored Heavy Treads Enhanced Armored Heavy Treads Experimental Heat Sink Advanced Energy Well Experimental Energy Well Experimental Matter Compressor Femtoactuators Advanced Shield Generator Heavy Quantum Rifle Enhanced Nova Cannon Enhanced Nova Cannon Disintegrator Compact Mass Driver Compact Mass Driver Graviton Cannon Advanced Micro-nuke Launcher Advanced Remote Datajack [Rating: 245] Favorites ----------- Power Quantum Reactor Engine Ion Engine Power Core Neutrino Core Reactor Quantum Reactor Propulsion Improved Heavy Treads Treads Improved Heavy Treads Leg Centrium Leg Utility Huge Storage Unit Device Advanced Force Field Storage Huge Storage Unit Processor Core Analyzer Hackware Relay Coupler [Grunt] Protection Hardened Light Armor Plating Weapon Maul Energy Gun Enhanced Quantum Rifle Energy Cannon Enhanced Nova Cannon Ballistic Gun Multirail Ballistic Cannon Compact Mass Driver Launcher Z-bomb Delivery System Special Weapon Improved Remote Datajack Impact Weapon Maul Slashing Weapon Power Sword Piercing Weapon Heavy Pick Special Melee Weapon Advanced Datajack Build | -11 -10 -10 -9 -9 -8 -8 -7 -6 -6 -6 -6 -5 -5 -5 -5 -4 -4 -4 -4 -4 -4 -4 -4 -3 -3 -3 -3 -2 -2 -1 -1 ------- Run | Scr Mat Min Mat Sto Mat Gar Fac Fac Gar Fac Gar Fac Gar Fac Gar Fac Was Fac Gar Fac Upp Upp Zhi Pro Res Tes Gar Res Gar Acc Com Slots Evolved 18 | . . . 2 . 2 . 2 2 . . . 2 . . . 2 . . . . . . . . 2 . . 2 . 2 . Power 3 | . . . . . . . . 1 . . . . . . . . . . . . . . . . 1 . . . . 1 . Propulsion 5 | . . . 1 . . . 1 . . . . 1 . . . 1 . . . . . . . . . . . . . 1 . Utility 10 | . . . 1 . 2 . 1 1 . . . 1 . . . 1 . . . . . . . . 1 . . 2 . . . Weapon . | . . . . . . . . . . . . . . . . . . . . . . . . . . . . . . . . Parts Attached 785 | . 25 3 29 27 4 27 38 20 33 25 21 48 44 16 46 12 16 11 38 12 5 5 5 1 25 46 38 10 19 54 82 Power 72 | . 2 . . 2 . 1 1 1 7 3 2 7 5 . 7 . . . 4 1 . . 1 . 3 5 2 . 2 5 11 Engine 18 | . 2 . . 2 . 1 . . 3 1 2 4 2 . 1 . . . . . . . . . . . . . . . . Core 16 | . . . . . . . 1 1 2 2 . 3 3 . 4 . . . . . . . . . . . . . . . . Reactor 38 | . . . . . . . . . 2 . . . . . 2 . . . 4 1 . . 1 . 3 5 2 . 2 5 11 Propulsion 122 | . 7 1 4 12 . 8 13 2 7 1 6 6 7 4 9 1 2 . 7 1 . . . . . 2 6 1 . 9 6 Treads 92 | . 2 1 4 12 . 8 13 2 7 1 6 6 2 . 8 1 2 . 5 1 . . . . . 2 . . . 3 6 Leg 30 | . 5 . . . . . . . . . . . 5 4 1 . . . 2 . . . . . . . 6 1 . 6 . Wheel . | . . . . . . . . . . . . . . . . . . . . . . . . . . . . . . . . Hover . | . . . . . . . . . . . . . . . . . . . . . . . . . . . . . . . . Flight . | . . . . . . . . . . . . . . . . . . . . . . . . . . . . . . . . Utility 274 | . 5 2 4 6 4 5 14 10 9 6 2 21 13 7 10 6 8 6 15 4 3 4 3 1 12 23 11 4 12 17 27 Device 128 | . . 1 . . 1 . 3 6 6 2 . 11 5 1 6 6 5 3 3 . 1 4 1 1 7 14 5 3 4 10 19 Storage 17 | . 3 . . . . . 1 . . . . . . 2 . . . 1 1 . . . . . 1 2 1 . 2 . 3 Processor 12 | . . . . . . . 5 . 1 . . 1 1 . . . . . . 1 1 . . . . . 1 . . . 1 Hackware 38 | . . . . 1 . . 1 2 1 2 . 3 . 2 . . 1 1 6 2 . . . . 2 2 4 1 5 1 1 Protection 79 | . 2 1 4 5 3 5 4 2 1 2 2 6 7 2 4 . 2 1 5 1 1 . 2 . 2 5 . . 1 6 3 Artifact . | . . . . . . . . . . . . . . . . . . . . . . . . . . . . . . . . Weapon 317 | . 11 . 21 7 . 13 10 7 10 15 11 14 19 5 20 5 6 5 12 6 2 1 1 . 10 16 19 5 5 23 38 Energy Gun 1 | . . . . . . . . . . . . . . . . . . . . . . . . . . . 1 . . . . Energy Cannon 19 | . . . . . . . . . . . 2 1 2 . 2 . . . . . . . . . . . 4 . . 4 4 Ballistic Gun 8 | . . . . . . . . . . . . . . . . . . . . . . . . . . . . . . . 8 Ballistic Cannon 39 | . . . . . . . . . . . . . 2 1 3 1 . 3 4 2 . 1 1 . 2 7 2 . 1 1 8 Launcher 36 | . 2 . 1 1 . 2 3 1 1 4 3 . 1 . 3 2 . . 1 . . . . . . . 1 1 . 3 6 Special Weapon 79 | . 2 . 4 2 . 2 1 2 3 4 1 5 3 1 3 1 4 1 4 2 1 . . . 4 6 6 2 2 8 5 Impact Weapon 82 | . 7 . 10 3 . 6 1 . . 3 4 4 . 1 7 . 1 . 3 2 1 . . . 4 3 5 2 2 7 6 Slashing Weapon 38 | . . . 6 1 . 3 5 4 6 4 1 4 1 1 1 . . 1 . . . . . . . . . . . . . Piercing Weapon 12 | . . . . . . . . . . . . . 10 1 1 . . . . . . . . . . . . . . . . Special Melee Weapon 3 | . . . . . . . . . . . . . . . . 1 1 . . . . . . . . . . . . . 1 Unidentified Prototypes 28 | . . 1 . . . . 1 . . . . 1 . 1 . . . 2 . . . 1 3 . . 2 2 1 . 1 12 Corrupted Parts 1 | . . . . . . . . . . . . . . . . . . . . . . . . . . . . . . . 1 System Corruption 3 | . . . . . . . . . . . . . . . . . . . . . . . . . . . . . . . 3 Parts Lost 120 | . . . 2 5 . 9 15 2 8 3 3 9 10 . 13 2 . . 9 1 . . . . 3 5 2 . 1 2 16 Power 21 | . . . . 1 . 1 . . 1 . 1 3 . . 4 . . . 1 1 . . . . 1 2 . . 1 1 3 Propulsion 30 | . . . . 3 . 3 5 . 3 . 1 1 3 . 2 . . . 3 . . . . . . 3 . . . . 3 Utility 59 | . . . 2 1 . 4 8 2 3 2 . 4 7 . 7 1 . . 5 . . . . . 2 . 2 . . 1 8 Weapon 10 | . . . . . . 1 2 . 1 1 1 1 . . . 1 . . . . . . . . . . . . . . 2 Highest Loss Streak 11 | . . . 2 3 . 3 8 1 3 2 1 4 3 . 5 1 . . 4 1 . . . . 2 1 1 . 1 1 11 To Critical Strikes 3 | . . . . . . . . . . . . 1 1 . . . . . 1 . . . . . . . . . . . . Average Slot Usage (%) 89 | . 99 99 99 99 94 96 81 89 91 85 89 86 89 99 80 76 83 78 78 78 78 83 72 80 80 85 93 99 100 97 81 Engine 4 | . 14 14 11 10 9 9 3 . 3 6 11 7 3 5 2 . . . . . . . . . . . . . . . . Core 1 | . . . . . . . 3 10 4 5 1 2 6 5 5 . . . . . . . . . . . . . . . . Reactor 5 | . . . . . . . . . 4 . . . . . . 10 10 10 9 9 10 10 10 10 12 12 12 12 12 14 13 Treads 16 | . 18 28 33 33 27 26 29 25 19 13 17 15 13 . 12 15 15 15 13 15 15 15 15 15 13 12 1 . . 1 14 Leg 4 | . 9 . . . . . . . . . . . 8 29 3 . . . . . . . . . . . 20 25 25 23 . Device 9 | . . . . . 2 . 1 9 22 12 13 11 12 14 10 18 21 15 10 8 4 4 1 5 6 8 11 12 12 14 15 Storage 6 | . 14 14 11 11 9 9 7 6 6 6 6 5 5 6 5 5 5 5 6 5 5 5 5 5 5 4 4 4 9 4 3 Processor 6 | . . . . . . . 10 4 4 6 6 9 11 17 17 15 13 5 5 5 9 10 10 10 9 9 11 12 9 3 4 Hackware 9 | . . . . 4 9 9 3 14 6 10 6 8 2 . 1 . 4 8 15 25 26 25 25 25 17 17 13 19 17 20 11 Protection 7 | . 13 13 21 17 19 23 12 9 5 9 13 8 8 4 6 4 1 11 5 1 . . . . 3 4 1 . . 1 3 Ballistic Cannon 1 | . . . . . . . . . . . . . 1 . . 2 . 4 1 4 4 . . 5 5 10 4 4 4 5 3 Special Weapon 1 | . . . 3 . . 1 . . . . 1 1 . . 1 . 5 . 3 . . 5 5 5 1 . 2 1 2 1 . Impact Weapon 6 | . 25 28 15 21 18 11 1 . . 6 9 6 . . 2 2 2 . 3 . . 4 . . 2 1 1 2 1 1 . Slashing Weapon 1 | . . . 2 . . 4 5 4 10 5 1 2 . 3 1 . . . . . . . . . . . . . . . . Naked Turns . | . . . . . . . . . . . . . . . . . . . . . . . . . . . . . . . . Heaviest Build 245 | 12 38 38 41 44 59 60 111 126 136 122 134 130 155 141 143 148 140 153 153 129 127 127 127 127 158 161 179 171 175 202 245 Greatest Support 260 | 20 40 40 60 69 60 60 97 101 120 120 135 180 180 95 173 225 235 235 235 225 225 225 225 225 225 230 175 180 180 205 260 Greatest Overweight (x) 3 | . 1 . . . . 1 1 1 1 1 2 . 3 1 1 . . . 1 . . . . . . 1 1 . . 3 1 Average Overweight (x) . | . . . . . . . . . . . . . . 1 . . . . . . . . . . . . . . . . . Largest Inventory Capacity 25 | . 15 15 15 15 15 15 25 25 25 25 25 25 25 25 25 25 25 25 25 25 25 25 25 25 25 25 25 25 25 25 25 Average Capacity 22 | . 13 15 15 15 15 15 24 25 25 25 25 25 25 25 25 25 25 25 25 25 25 25 25 25 25 25 25 25 25 25 24 Most Carried 25 | . 15 15 15 15 15 15 25 25 25 25 25 25 25 25 25 25 25 25 25 25 25 25 25 24 25 25 25 25 25 25 25 Average Carried 21 | . 12 14 14 14 14 14 22 24 24 24 24 24 24 24 23 24 24 24 23 24 24 24 24 24 24 24 24 24 24 24 23 Final Capacity 25 | 8 15 15 15 15 15 15 25 25 25 25 25 25 25 25 25 25 25 25 25 25 25 25 25 25 25 25 25 25 25 25 25 Final Carried 25 | 6 15 15 15 15 15 15 23 25 25 24 25 25 25 24 25 25 25 25 25 25 25 24 25 24 25 25 25 25 25 25 25 Class Distribution -------------------- 48% | Botlord-Mutant 19% | Mutant 12% | Scavenger-Mutant 8% | Bothacker-Mutant 3% | Botlord-Tank Dominant Class ---------------- Mutant | -10/Materials Mutant | -10/Mines Scavenger-Mutant | -9/Materials Mutant | -9/Storage Mutant | -8/Materials Scavenger-Mutant | -8/Garrison Scavenger-Mutant | -7/Factory Bothacker-Gladiator | -6/Factory Bothacker-Mutant | -6/Garrison Bothacker-Mutant | -6/Factory Scavenger-Mutant | -6/Garrison Botlord-Mutant | -5/Factory Botlord-Mutant | -5/Garrison Botlord-Mutant | -5/Factory Botlord-Mutant | -5/Garrison Botlord-Mutant | -4/Factory Botlord-Mutant | -4/Waste Botlord-Mutant | -4/Factory Botlord-Mutant | -4/Garrison Botlord-Mutant | -4/Factory Botlord-Mutant | -4/Upper Caves Botlord-Mutant | -4/Upper Caves Botlord-Mutant | -4/Zhirov Botlord-Mutant | -3/Proximity Caves Botlord-Mutant | -3/Research Botlord-Mutant | -3/Testing Botlord-Mutant | -3/Garrison Botlord-Mutant | -2/Research Botlord-Mutant | -2/Garrison Botlord-Mutant | -1/Access Botlord-Mutant | -1/Command Resources | -11 -10 -10 -9 -9 -8 -8 -7 -6 -6 -6 -6 -5 -5 -5 -5 -4 -4 -4 -4 -4 -4 -4 -4 -3 -3 -3 -3 -2 -2 -1 -1 ----------- Run | Scr Mat Min Mat Sto Mat Gar Fac Fac Gar Fac Gar Fac Gar Fac Gar Fac Was Fac Gar Fac Upp Upp Zhi Pro Res Tes Gar Res Gar Acc Com Matter Collected 23189 | 200 318 30 365 302 36 305 540 208 593 359 463 546 615 189 792 304 264 260 916 460 28 130 . . 414 2466 1665 270 504 1313 8334 Remotely 7846 | . . . . . . . . . . . . . . . . 240 . 37 . . . . . . 53 1093 231 . . 242 5950 Salvage Created 31024 | . 1105 457 1066 1133 97 758 1973 734 1513 787 1307 1350 1496 504 2214 574 3008 468 1199 844 . . . . 728 1630 677 474 585 1669 2674 Parts 1085 | . 48 10 48 33 4 35 66 34 73 26 44 65 52 18 73 20 71 10 42 24 . . . . 23 59 16 6 14 82 89 Haulers Intercepted 12 | . 2 . 2 5 . . . . . . . 1 . . . . . 1 . . . . . . . 1 . . . . . Recyclers Shooed 7 | . . . . . . . . . . 1 . 1 . 1 . . . 1 . 1 . . . . . . . . . 1 1 Parts Field Recycled . | . . . . . . . . . . . . . . . . . . . . . . . . . . . . . . . . Retrieved Matter . | . . . . . . . . . . . . . . . . . . . . . . . . . . . . . . . . Parts Self-Destructed . | . . . . . . . . . . . . . . . . . . . . . . . . . . . . . . . . Prevented . | . . . . . . . . . . . . . . . . . . . . . . . . . . . . . . . . Kills | -11 -10 -10 -9 -9 -8 -8 -7 -6 -6 -6 -6 -5 -5 -5 -5 -4 -4 -4 -4 -4 -4 -4 -4 -3 -3 -3 -3 -2 -2 -1 -1 ------- Run | Scr Mat Min Mat Sto Mat Gar Fac Fac Gar Fac Gar Fac Gar Fac Gar Fac Was Fac Gar Fac Upp Upp Zhi Pro Res Tes Gar Res Gar Acc Com Combat Hostiles Destroyed 480 | . 29 6 21 21 5 23 30 9 25 19 23 22 24 6 32 13 6 4 18 8 . . . . 12 28 13 7 8 20 48 Melee 194 | . 16 4 12 11 3 12 25 6 24 5 6 15 18 4 11 4 . . 3 . . . . . 4 4 3 3 . 1 . Guns 11 | . 4 . . . . . . . . . . . . . . . . . . . . . . . . . . . . . 7 Cannons 94 | . . . . . . . . . . . 1 1 4 . 5 5 6 4 8 7 . . . . 3 17 4 . 4 9 16 AOE 71 | . 2 . 4 . . 5 4 3 1 9 7 1 2 . 9 . . . . 1 . . . . . . 1 1 . 4 17 Classes Destroyed 24 | . 6 1 3 1 1 . 2 . 2 1 1 1 1 . . . 1 . . . . . . . . . . . . . 3 Worker 23 | . 1 3 1 . . . . 2 . 1 . 5 . . . . . . . 2 . . . . . 1 . . . 3 4 Builder 13 | . . 1 . 1 . . . . . 1 . 2 . . . 1 . . . 1 . . . . 1 1 . . . 4 . Hauler 12 | . 2 . 2 5 . . . . . . . 1 . . . . . 1 . . . . . . . 1 . . . . . Recycler 32 | . 1 2 3 1 . . 8 2 . . . 1 . 1 . . . 2 . 4 . . . . 1 1 . . . 3 2 Mechanic 6 | . . . 2 . . . 3 . . . . . . . . . . . . . . . . . . . . . . . 1 Operator 6 | . . . 1 1 . . . 1 . 1 . 1 . . . . . . . . . . . . . . . . . . 1 Drone 4 | . . . . . . . . . . . . . . . . . . . . . . . . . . . . . . . 4 Watcher 15 | . 3 . 2 . . . . 1 . . . . . . . . . 1 . . . . . . 1 . . . . 2 5 Swarmer 57 | . 6 . 4 4 3 10 . . . . 7 4 . . 4 5 . . 2 . . . . . 3 . 1 . 2 2 . Cutter 7 | . . . . . . . . . 2 . . . . . 4 . . . 1 . . . . . . . . . . . . Saboteur 3 | . . . . . . . . . . 2 . . . . . . . . . . . . . . . . . . . . 1 Grunt 217 | . 23 6 12 8 . 7 19 5 14 13 11 9 11 4 19 5 . 2 8 1 . . . . 5 12 7 6 2 3 5 Brawler 15 | . . . . 2 . . 4 1 2 . . 2 1 . 1 . . . . . . . . . . . . . . . 2 Duelist 13 | . . . . . . . 1 1 1 2 . . 1 . . 1 . . . 1 . . . . . . . . . 1 4 Protector 1 | . . . . . . . . . . . . . . . . . . . . . . . . . . . . . . . 1 Sentry 39 | . . . 5 7 1 6 . . 1 . 3 1 5 2 2 . . . 1 2 . . . . 1 . . . . 2 . Demolisher 2 | . . . . . . . . . . . . . 1 . 1 . . . . . . . . . . . . . . . . Specialist 3 | . . . . . . . . . . . 1 . . . . . . . . . . . . . . . . . . 2 . Hunter 32 | . . . . . 1 . 2 . . 1 1 . 4 . 1 . . . 4 . . . . . . 3 3 1 3 3 5 Programmer 58 | . . . . . . . 4 2 2 1 . 5 1 . . 2 . 2 1 4 . . . . 3 13 1 . 1 6 10 Behemoth 7 | . . . . . . . . . 2 . . . . . . . . . 1 . . . . . . . 1 . 1 1 1 Compactor 6 | . . . . . . . . . . . . . . . . . 6 . . . . . . . . . . . . . . Enhanced Q-Series 16 | . . . . . . . . . . . . . . . . . . . . . . . . . . . . . . . 16 Assembled 1 | . . . . . . . . . . . . 1 . . . . . . . . . . . . . . . . . . . Wasp 5 | . . . . . . . . . . . . . . . . . 5 . . . . . . . . . . . . . . Thug 8 | . . . . . . . . . 1 . . . . . . . 7 . . . . . . . . . . . . . . Savage 3 | . . . . . . 1 . . . . . . . . . . 2 . . . . . . . . . . . . . . Martyr 2 | . . . . . . . . . . . . . . . . . 2 . . . . . . . . . . . . . . Infiltrator 1 | . . . . . . . . . . . . . . . . . . . . 1 . . . . . . . . . . . Best Kill Streak 12 | . 4 3 6 6 4 4 9 7 3 12 4 4 4 2 11 6 1 4 4 7 . . . . 4 6 3 4 2 8 5 Combat Bots Only 11 | . 4 2 4 5 4 4 6 4 3 9 4 4 4 2 11 5 1 2 4 4 . . . . 4 6 3 4 2 4 5 Max Kills in Single Turn 6 | . 2 1 2 1 1 3 4 6 1 5 4 3 2 1 4 1 1 1 1 4 . . . . 1 2 1 1 1 3 5 Gunslinging . | . . . . . . . . . . . . . . . . . . . . . . . . . . . . . . . . Exploded 4 | . 2 . 2 . . 3 2 2 1 4 4 1 2 . 4 . . . . 1 . . . . . . 1 1 . 3 4 Melee 1 | . 1 1 1 1 1 1 1 1 1 1 1 1 1 1 1 1 . . 1 . . . . . 1 1 1 1 . 1 . Uniques/NPCs Destroyed 1 | . . . . . . . . . . . . . . . . . . . . . . . . . . . . . . . 1 MAIN.C Shell (-1/Command) Combat | -11 -10 -10 -9 -9 -8 -8 -7 -6 -6 -6 -6 -5 -5 -5 -5 -4 -4 -4 -4 -4 -4 -4 -4 -3 -3 -3 -3 -2 -2 -1 -1 -------- Run | Scr Mat Min Mat Sto Mat Gar Fac Fac Gar Fac Gar Fac Gar Fac Gar Fac Was Fac Gar Fac Upp Upp Zhi Pro Res Tes Gar Res Gar Acc Com Damage Taken 42033 | . 454 241 875 1282 409 1869 2258 488 1907 1320 1579 2178 3105 298 3075 1068 . 148 3969 560 . 79 . . 1195 1984 924 246 497 853 9172 Core 3821 | . 70 50 148 130 24 148 207 16 172 121 119 78 440 12 184 88 . . 184 94 . 25 . . 58 165 59 44 52 94 1039 Absorbed by Shields 13857 | . . . . . . . . . 593 8 509 7 495 316 885 . . . . . . . . . 805 1648 838 259 519 861 6114 Reduced by Siege Mode 1445 | . . . . . . . . . . . . . . . 64 71 . 12 222 15 . . . . 27 158 71 . . . 805 Regen/Repaired (Parts) 1430 | . 65 . . . . . . . . . . . . . . . 68 . 266 201 . . . . . 322 . . . . 508 Core Remaining (%) 60 | 100 . 52 . 30 . 68 70 . . . 49 . . . 28 . . . . . . . . 66 . . 78 . 93 . 29 Volleys Fired 1034 | . 36 . 28 7 . 21 15 5 17 24 42 14 18 8 47 15 190 20 114 31 . 2 . . 24 49 35 13 40 81 138 Largest 3 | . 2 . 1 1 . 1 2 1 1 2 2 1 2 1 1 1 1 1 1 1 . 1 . . 1 3 3 1 3 3 3 Hottest 252 | . 40 . 30 30 . 30 72 36 36 72 113 113 132 7 113 75 20 60 75 60 . 7 . . 66 198 245 120 252 252 231 Shots Fired 1376 | . 55 . 28 7 . 21 16 5 17 26 47 14 21 8 46 15 190 20 114 34 1 2 . 1 24 128 55 13 53 128 287 Gun 132 | . 38 . . . . . . . . . . . . . . . . . . . . . . . . . . . . . 94 Cannon 602 | . . . . . . . . . . . 9 6 17 . 22 15 . 18 45 32 1 . . 1 17 122 31 5 29 105 127 Launcher 126 | . 3 . 7 3 . 5 14 2 2 6 11 . 1 . 5 . . . 3 . . . . . . . 3 1 . 2 58 Special 516 | . 14 . 21 4 . 16 2 3 15 20 27 8 3 8 19 . 190 2 66 2 . 2 . . 7 6 21 7 24 21 8 Kinetic 590 | . 38 . . . . . . . . . . . 9 . 13 15 . 18 45 32 1 . . 1 17 122 19 . 13 52 195 Thermal 490 | . 14 . 21 4 . 16 . . . 13 36 6 8 . 28 . 180 . 52 . . . . . . . 12 5 16 53 26 Explosive 126 | . 3 . 7 3 . 5 14 2 2 6 11 . 1 . 5 . . . 3 . . . . . . . 3 1 . 2 58 Electromagnetic . | . . . . . . . . . . . . . . . . . . . . . . . . . . . . . . . . Robot Hit Streak 54 | . 7 . 6 10 . 13 9 8 23 26 18 4 5 6 18 9 16 23 20 13 . 3 . . 18 31 22 8 9 7 54 Robot Miss Streak 5 | . 2 . 3 . . 2 1 . . 2 1 2 4 1 5 1 3 4 4 3 . . . . 3 4 2 . 2 4 3 Penetration Max 2 | . . . . . . . . . . . . . . . . . . . . . . . . . . . 1 . . 1 2 Secondary Targets . | . . . . . . . . . . . . . . . . . . . . . . . . . . . . . . . . Shots Hit Robots 1830 | . 76 23 68 63 13 63 88 21 94 30 64 73 71 27 116 27 173 18 116 30 . 2 . . 45 93 55 18 38 69 256 Core Hits 802 | . 26 5 32 15 2 20 41 22 42 35 40 32 40 7 62 9 37 15 42 28 . . 3 . 14 35 10 3 6 29 150 Critical Kills 35 | . 4 1 1 4 . . . . . 2 2 4 2 . . 2 . . 1 . . . . . 1 . 1 2 1 4 3 Critical Parts Destroyed 149 | . 12 4 7 15 2 9 2 . . 2 8 9 2 3 14 3 8 . 10 . . . . . 5 7 6 3 1 3 14 Critical Strikes 254 | . 16 5 9 20 2 9 9 2 11 5 11 18 12 4 19 9 12 1 16 . . . . . 7 11 7 5 3 10 21 Meltdown 5 | . . . . . . . . . . . . . . . . . . . . . . . . . . . . . 1 3 1 Destroy 9 | . 1 . . . . . . . . . . . 4 . . . . . . . . . . . . . . . . . 4 Blast 19 | . . . . . . . . . . . . . . . 1 4 . 1 3 . . . . . . 4 . . 1 2 3 Smash 177 | . 15 5 9 20 2 9 2 . . 4 10 13 . 3 15 5 9 . 11 . . . . . 7 7 7 5 1 5 13 Sever 34 | . . . . . . . 7 2 11 1 1 5 . 1 1 . 3 . 2 . . . . . . . . . . . . Impale 10 | . . . . . . . . . . . . . 8 . 2 . . . . . . . . . . . . . . . . Melee Attacks 1306 | . 55 26 79 85 26 79 96 24 129 22 63 86 84 31 128 19 27 . 47 4 . 2 . . 35 34 23 13 11 35 43 Impact 777 | . 55 26 61 81 26 53 8 1 . 15 51 43 . 11 57 19 27 . 47 4 . 2 . . 35 34 23 13 11 35 39 Slashing 380 | . . . 18 4 . 26 88 23 129 7 12 43 1 16 13 . . . . . . . . . . . . . . . . Piercing 145 | . . . . . . . . . . . . . 83 4 58 . . . . . . . . . . . . . . . . Sneak Attacks 147 | . 9 5 11 12 . . 9 2 12 . . 8 7 2 1 . 27 . 2 1 . 1 . . 6 2 8 1 5 12 4 Combat Hostiles 64 | . 7 . 1 . . . . . 12 . . 2 7 . 1 . 2 . 1 . . 1 . . 6 2 7 1 4 8 2 Follow-up Attacks 74 | . 4 3 9 10 . 8 . . 14 4 5 7 4 1 5 . . . . . . . . . . . . . . . . Damage Inflicted 92295 | . 2531 1081 2845 2658 426 2147 5542 1852 3771 2178 2883 3944 2631 1104 6315 1870 4954 1089 4234 2365 . 129 216 . 2234 4516 2448 1055 1063 4355 19859 Guns 3205 | . 188 . . . . . . . . . . . . . . . . . . . . . . . . . . . . . 3017 Cannons 17870 | . . . . . . . . . . . 122 102 243 . 877 1071 . 1060 1840 1737 . . . . 914 3155 810 . 593 1713 3633 Explosions 21486 | . 164 . 534 . . 363 1116 822 118 1328 705 580 156 . 759 . . . 233 479 . . . . . 126 500 420 . 1260 11823 Melee 44658 | . 2060 1081 2140 2615 426 1645 4426 1030 3653 734 1757 3228 2232 1104 4393 799 2321 . 1352 92 . 129 . . 1314 1206 1138 635 454 1308 1386 Ramming 562 | . . . 9 . . . . . . . . 34 . . 10 . 80 29 2 57 . . 216 . 6 29 . . 16 74 . Kinetic 18304 | . 188 . . . . . . . . . . . 81 . 600 1071 . 1060 1840 1737 . . . . 914 3155 447 . 226 1088 5897 Thermal 7584 | . 119 . 162 43 . 139 . . . 116 421 102 162 . 553 . 2553 . 807 299 . . . . . . 363 . 367 625 753 Explosive 21061 | . 164 . 534 . . 363 1116 822 118 1328 705 580 156 . 759 . . . 233 180 . . . . . . 500 420 . 1260 11823 Electromagnetic 126 | . . . . . . . . . . . . . . . . . . . . . . . . . . 126 . . . . . Impact 28650 | . 2060 1081 1753 2523 426 1292 400 . . 572 1420 1896 . 719 2374 799 2321 . 1352 92 . 129 . . 1314 1206 1138 635 454 1308 1386 Slashing 12045 | . . . 387 92 . 353 4026 1030 3653 162 337 1332 44 347 282 . . . . . . . . . . . . . . . . Piercing 3963 | . . . . . . . . . . . . . 2188 38 1737 . . . . . . . . . . . . . . . . Highest Corruption 21 | . . . 1 1 . . 20 2 5 6 8 13 18 18 18 1 1 1 2 4 4 4 4 4 2 15 15 . . 7 21 Average Corruption 7 | . . . 1 1 . . 12 1 3 5 7 12 16 18 18 1 1 1 1 3 4 4 4 4 1 8 15 . . 5 13 Corruption Purged 33 | . . . . . . . . . . . . . . . . . . . . . . . . . . . . . . . 33 Corruption Blocked 11 | . . . . . . . . . . . . . . . . . . . . . . . . . . . . . 11 . . Effects 756 | . . . 3 14 . . 50 13 34 25 45 50 60 37 91 1 24 1 12 25 8 15 6 18 6 48 59 . . 43 68 Message Errors 201 | . . . . 5 . . 9 2 10 9 15 13 15 4 29 . 7 1 5 9 3 5 1 4 6 11 9 . . 17 12 Matter Fused 182 | . . . 3 3 . . 13 5 11 4 14 8 14 10 17 1 8 . 2 5 1 5 1 3 . 10 14 . . 7 23 Heat Flow Errors 101 | . . . . . . . 7 1 5 3 3 9 7 8 15 . 3 . . 1 . 2 1 3 . 8 13 . . 3 9 Energy Discharges 95 | . . . . 2 . . 8 1 3 5 7 6 7 4 11 . 3 . 2 2 2 2 2 3 . 5 4 . . 6 10 Parts Rejected 12 | . . . . . . . 2 . . . 1 1 1 2 1 . . . . . . . . . . 2 . . . 2 . Data Loss (minor) 97 | . . . . 2 . . 7 2 4 2 2 7 12 6 14 . 2 . 3 4 1 1 1 3 . 5 10 . . 3 6 Data Loss (major) 28 | . . . . . . . 2 2 1 . 1 2 2 2 3 . . . . 1 . . . . . 3 5 . . 2 2 Misfires 18 | . . . . . . . . . . . . 1 . . . . . . . 3 1 . . 1 . 3 3 . . 3 3 Alerts 15 | . . . . 2 . . 2 . . 2 2 2 1 . . . 1 . . . . . . 1 . 1 1 . . . . Misdirections 2 | . . . . . . . . . . . . . . 1 . . . . . . . . . . . . . . . . 1 Weapon Failures 5 | . . . . . . . . . . . . 1 1 . 1 . . . . . . . . . . . . . . . 2 Overload Shots . | . . . . . . . . . . . . . . . . . . . . . . . . . . . . . . . . Overflow Damage 14943 | . 848 342 527 931 73 506 922 185 129 232 469 706 70 136 909 377 1210 4 633 144 . . 5 . 548 627 582 222 193 1061 2352 Projectiles 791 | . . . . . . . . . . . 2 21 . . 13 134 112 4 47 82 . . . . 17 170 38 . 8 36 107 Explosions 2258 | . . . . . . . 111 107 . 44 . 38 . . 38 . . . . . . . . . . 23 . 5 . 325 1567 Melee 11894 | . 848 342 527 931 73 506 811 78 129 188 467 647 70 136 858 243 1098 . 586 62 . . 5 . 531 434 544 217 185 700 678 Knockbacks 230 | . 13 2 6 5 . 5 1 . . 5 4 5 1 4 26 6 11 12 12 15 . 1 . . 13 38 11 2 1 12 19 Impact 106 | . 13 2 5 5 . 5 1 . . 4 3 4 . 3 18 1 8 . 4 1 . 1 . . 6 5 5 2 . 4 6 Kinetic 104 | . . . . . . . . . . . . . 1 . 5 5 . 11 5 14 . . . . 6 30 6 . 1 7 13 Secondary 20 | . . . 1 . . . . . . 1 1 1 . 1 3 . 3 1 3 . . . . . 1 3 . . . 1 . Self-Inflicted Damage 676 | . . . 37 . . . . . 25 153 . 140 . . 258 . . . . 63 . . . . . . . . . . . Shots 15 | . . . 1 . . . . . 1 5 . 2 . . 5 . . . . 1 . . . . . . . . . . . Rammed 52 | . . . 2 . . . . . . . . 2 . . 2 . 8 1 1 3 . . 31 . 1 1 . . . . . Targets Rammed 56 | . . . 2 . . . . . . . . 2 . . 2 . 8 1 1 3 . . 31 . 1 1 . . 1 3 . Kicked 4 | . . . . . . . . . . . . . . . . . . . . . . . . . . . . . 1 3 . Crushed . | . . . . . . . . . . . . . . . . . . . . . . . . . . . . . . . . Highest Temperature 316 | . 12 12 36 2 . 30 267 95 279 189 279 241 286 266 287 14 127 50 61 140 19 214 108 218 3 316 259 . 48 288 235 Average Temperature 86 | . 8 11 24 1 . 9 90 39 94 67 102 82 101 102 111 14 65 24 19 52 12 97 62 118 2 95 125 . 32 83 57 Received Heat Transfer 7717 | . 177 177 315 426 18 810 792 90 642 358 312 322 514 74 1063 100 . . 376 30 . . . . 132 181 69 48 24 16 651 Effects 2 | . . . . . . . . . . . . . . . 1 . . . . . . . . . . . 1 . . . . Energy Bleed 1 | . . . . . . . . . . . . . . . . . . . . . . . . . . . 1 . . . . Interference 1 | . . . . . . . . . . . . . . . 1 . . . . . . . . . . . . . . . . Siege Activations 24 | . . . . . . . . . . . . . . . 2 1 . 1 2 2 . . . . 1 5 1 . . . 9 Total Turns 790 | . . . . . . . . . . . . . . . 59 20 . 11 79 26 . . . . 20 96 35 . . . 444 Longest Duration 146 | . . . . . . . . . . . . . . . 40 20 . 11 65 13 . . . . 20 28 35 . . . 146 Robots Corrupted . | . . . . . . . . . . . . . . . . . . . . . . . . . . . . . . . . Combat Hostiles . | . . . . . . . . . . . . . . . . . . . . . . . . . . . . . . . . Parts Fried 199 | . 14 5 17 17 1 5 4 . . 7 11 8 . 5 10 2 19 . 10 2 . . . . 2 14 8 6 4 11 17 Impact Corruptions 334 | . 28 11 22 34 5 19 7 . . 5 15 16 . 4 28 7 24 . 21 2 . . 1 . 15 11 12 6 4 21 16 Robots Melted 6 | . . . . . . 1 . . . . . . . . . . . . . . . . . . . . . . 1 3 1 Combat Hostiles 5 | . . . . . . . . . . . . . . . . . . . . . . . . . . . . . 1 3 1 Parts Melted 27 | . . . . . . 3 . . . . . . . . . . . . . . . . . . . 1 . . 5 11 7 Heat Transferred 13312 | . 407 . 555 148 . 481 . . . 370 1110 74 72 . 756 . 5735 . 1813 200 . . . . . . 333 . 296 407 555 Parts Sabotaged 2 | . . . . . . . . . . 2 . . . . . . . . . . . . . . . . . . . . . Parts Stolen . | . . . . . . . . . . . . . . . . . . . . . . . . . . . . . . . . Parts Stripped . | . . . . . . . . . . . . . . . . . . . . . . . . . . . . . . . . Power Chain Reactions 1 | . . . . . . . . . . . . . . . . . . . . . . . . . . 1 . . . . . Missiles Intercepted 29 | . . . . . . . . . . . . . . . . . . . . . . . . . . . . . . . 29 Alert | -11 -10 -10 -9 -9 -8 -8 -7 -6 -6 -6 -6 -5 -5 -5 -5 -4 -4 -4 -4 -4 -4 -4 -4 -3 -3 -3 -3 -2 -2 -1 -1 ------- Run | Scr Mat Min Mat Sto Mat Gar Fac Fac Gar Fac Gar Fac Gar Fac Gar Fac Was Fac Gar Fac Upp Upp Zhi Pro Res Tes Gar Res Gar Acc Com Peak Influence 1675 | . 507 370 741 994 340 1027 876 434 1480 806 1206 806 1446 865 1675 1115 423 170 932 686 . . . . 215 616 1129 640 709 756 1366 Initial 879 | . . 190 13 216 170 91 539 389 . 777 372 632 534 758 137 879 363 . . 489 . . . . . 57 402 634 99 424 215 Average 499 | . 193 177 470 584 264 633 610 148 689 625 840 616 1024 712 948 1006 123 95 368 519 . . . . 79 349 714 382 325 406 541 Maximum Alert Level 5 | . 2 1 3 3 1 3 3 2 4 3 4 3 4 3 5 4 2 . 3 2 . . . . 1 2 4 2 3 3 4 Low Security (%) 24 | . 49 68 11 . 25 10 . 75 14 . . . . 4 12 . 65 100 36 . . . . . 99 30 . 5 41 1 37 Level 1 16 | . 39 31 6 7 74 12 . 14 17 2 4 . . 5 5 . 21 . 25 20 . . . . . 21 . 49 24 53 11 Level 2 33 | . 10 . 71 70 . 40 76 9 20 56 20 85 19 6 8 . 13 . 28 79 . . . . . 47 42 45 27 37 31 Level 3 18 | . . . 10 21 . 36 23 . 26 40 54 14 39 84 29 76 . . 10 . . . . . . . 45 . 6 6 14 Level 4 6 | . . . . . . . . . 21 . 21 . 40 . 42 23 . . . . . . . . . . 11 . . . 4 Level 5 . | . . . . . . . . . . . . . . . . . . . . . . . . . . . . . . . . High Security . | . . . . . . . . . . . . . . . . . . . . . . . . . . . . . . . . Max Security . | . . . . . . . . . . . . . . . . . . . . . . . . . . . . . . . . Squads Dispatched 95 | . 11 . 3 11 4 . 9 4 . 6 . 7 . 1 . 1 . 1 . 1 . . . . 3 11 . 2 . 11 9 Investigation 21 | . 10 . 1 3 1 . 1 . . 1 . 1 . . . . . . . . . . . . . . . . . 3 . Extermination 28 | . . . . . . . 4 3 . 1 . 1 . 1 . 1 . 1 . 1 . . . . 2 5 . . . 3 5 Reinforcement 23 | . 1 . 1 2 1 . 1 1 . 1 . 3 . . . . . . . . . . . . 1 5 . 2 . 3 1 Assault 18 | . . . 1 3 . . 3 . . 3 . 2 . . . . . . . . . . . . . 1 . . . 2 3 Garrison 5 | . . . . 3 2 . . . . . . . . . . . . . . . . . . . . . . . . . . Intercept . | . . . . . . . . . . . . . . . . . . . . . . . . . . . . . . . . Searches Triggered 1 | . . . 1 . . . . . . . . . . . . . . . . . . . . . . . . . . . . Construction Impeded 2 | . . . . . . . . . . . . 1 . . . . . . . . . . . . . 1 . . . . . Haulers Reinforced 2 | . . . . . . . . . . . . 1 . . . . . . . . . . . . . 1 . . . . . Active Scanning Responses . | . . . . . . . . . . . . . . . . . . . . . . . . . . . . . . . . Cargo Convoy Interrupts . | . . . . . . . . . . . . . . . . . . . . . . . . . . . . . . . . Stealth | -11 -10 -10 -9 -9 -8 -8 -7 -6 -6 -6 -6 -5 -5 -5 -5 -4 -4 -4 -4 -4 -4 -4 -4 -3 -3 -3 -3 -2 -2 -1 -1 --------- Run | Scr Mat Min Mat Sto Mat Gar Fac Fac Gar Fac Gar Fac Gar Fac Gar Fac Was Fac Gar Fac Upp Upp Zhi Pro Res Tes Gar Res Gar Acc Com Distress Signals 35 | . 3 . 3 1 . . . 1 . . . 1 . . . . . . . 3 . . . . 2 5 . . . 2 14 Communications Jammed 236 | . . . . . . . . . . 2 . 3 14 2 . . . . . 1 . . . . 64 26 . . . 40 84 Distress Signals 236 | . . . . . . . . . . 2 . 3 14 2 . . . . . 1 . . . . 64 26 . . . 40 84 Times Spotted 884 | . 38 6 40 49 10 27 45 14 37 26 21 45 34 17 56 16 6 7 40 12 . 2 . . 24 49 33 12 30 42 146 Peak Tracking Total 20 | . 5 2 4 6 7 8 6 4 3 10 6 5 5 5 7 5 1 2 6 4 . 2 . . 7 7 4 3 6 5 20 Tactical Retreats 70 | . 5 . 3 1 . 3 5 . 4 . . 6 6 . 17 2 . . 1 2 . . . . 2 6 . . 1 4 2 Traps | -11 -10 -10 -9 -9 -8 -8 -7 -6 -6 -6 -6 -5 -5 -5 -5 -4 -4 -4 -4 -4 -4 -4 -4 -3 -3 -3 -3 -2 -2 -1 -1 ------- Run | Scr Mat Min Mat Sto Mat Gar Fac Fac Gar Fac Gar Fac Gar Fac Gar Fac Was Fac Gar Fac Upp Upp Zhi Pro Res Tes Gar Res Gar Acc Com Traps Triggered 47 | . 2 . 2 . 1 1 4 1 6 1 5 2 5 . 1 1 . . 1 2 . . . . . 1 . . 6 4 1 Indirectly . | . . . . . . . . . . . . . . . . . . . . . . . . . . . . . . . . Trap Hack Attempts . | . . . . . . . . . . . . . . . . . . . . . . . . . . . . . . . . Triggered . | . . . . . . . . . . . . . . . . . . . . . . . . . . . . . . . . Disarmed . | . . . . . . . . . . . . . . . . . . . . . . . . . . . . . . . . Reprogrammed . | . . . . . . . . . . . . . . . . . . . . . . . . . . . . . . . . Reused . | . . . . . . . . . . . . . . . . . . . . . . . . . . . . . . . . Traps Extracted . | . . . . . . . . . . . . . . . . . . . . . . . . . . . . . . . . Installed . | . . . . . . . . . . . . . . . . . . . . . . . . . . . . . . . . Triggered 3 | . . . . . . . . . . . . 1 . . 2 . . . . . . . . . . . . . . . . Exploded 1 | . . . . . . . 1 . . . . . . . . . . . . . . . . . . . . . . . . Machines | -11 -10 -10 -9 -9 -8 -8 -7 -6 -6 -6 -6 -5 -5 -5 -5 -4 -4 -4 -4 -4 -4 -4 -4 -3 -3 -3 -3 -2 -2 -1 -1 ---------- Run | Scr Mat Min Mat Sto Mat Gar Fac Fac Gar Fac Gar Fac Gar Fac Gar Fac Was Fac Gar Fac Upp Upp Zhi Pro Res Tes Gar Res Gar Acc Com Machines Disabled 72 | . 2 . . 2 . 2 3 5 3 1 5 3 4 . 2 . . . 3 11 . . . . 1 11 4 . 5 1 4 Max in Single Turn 8 | . 2 . . 1 . 1 . 2 1 1 1 2 1 . 1 . . . 1 8 . . . . 1 4 1 . 1 1 1 Garrison Access 4 | . . . . . . . . . . . . . . . . . . . . 2 . . . . . . . . . 2 . Garrison Relay 22 | . . . . . . 2 . . 3 . 2 . 1 . 2 . . . 3 . . . . . . . 4 . 5 . . Machines Sabotaged 1 | . 1 . . . . . . . . . . . . . . . . . . . . . . . . . . . . . . Overloaded Fab Kills . | . . . . . . . . . . . . . . . . . . . . . . . . . . . . . . . . Hacking | -11 -10 -10 -9 -9 -8 -8 -7 -6 -6 -6 -6 -5 -5 -5 -5 -4 -4 -4 -4 -4 -4 -4 -4 -3 -3 -3 -3 -2 -2 -1 -1 --------- Run | Scr Mat Min Mat Sto Mat Gar Fac Fac Gar Fac Gar Fac Gar Fac Gar Fac Was Fac Gar Fac Upp Upp Zhi Pro Res Tes Gar Res Gar Acc Com Machines Accessed 92 | . 10 . 4 8 4 2 2 6 2 3 2 4 1 2 2 2 . 2 2 6 . . 4 . 1 3 1 2 2 11 4 Terminals 69 | . 7 . 3 7 3 2 1 5 2 2 2 3 1 1 2 1 . 1 2 4 . . . . 1 2 1 1 2 9 4 Fabricators 1 | . . . . . . . 1 . . . . . . . . . . . . . . . . . . . . . . . . Repair Stations 2 | . 1 . . . . . . . . . . . . . . 1 . . . . . . . . . . . . . . . Recycling Units 3 | . 2 . 1 . . . . . . . . . . . . . . . . . . . . . . . . . . . . Scanalyzers . | . . . . . . . . . . . . . . . . . . . . . . . . . . . . . . . . Garrison Access 13 | . . . . 1 1 . . 1 . 1 . 1 . 1 . . . 1 . 2 . . . . . 1 . 1 . 2 . Total Hacks 231 | . 32 . 10 16 10 4 4 20 3 7 7 11 2 3 6 3 . 8 7 16 . . 17 . 3 5 2 7 4 18 6 Successful 126 | . 21 . 6 7 5 2 2 11 2 3 2 6 . 3 1 1 . 5 2 9 . . 17 . 3 3 . 5 2 5 3 Failed 105 | . 11 . 4 9 5 2 2 9 1 4 5 5 2 . 5 2 . 3 5 7 . . . . . 2 2 2 2 13 3 Catastrophic 26 | . 1 . . 4 . . . 3 . 2 2 1 2 . . . . . . 2 . . . . . 1 . . 1 7 . Database Lockouts . | . . . . . . . . . . . . . . . . . . . . . . . . . . . . . . . . Manual 105 | . 26 . 6 10 8 1 2 11 . 3 2 5 . 1 . . . 2 . 9 . . . . 3 4 . 3 . 5 4 Terminals 183 | . 28 . 8 14 9 4 1 19 3 4 7 9 2 2 6 1 . 7 7 12 . . . . 3 4 2 5 4 16 6 Fabricators 3 | . . . . . . . 3 . . . . . . . . . . . . . . . . . . . . . . . . Repair Stations 4 | . 2 . . . . . . . . . . . . . . 2 . . . . . . . . . . . . . . . Recycling Units 4 | . 2 . 2 . . . . . . . . . . . . . . . . . . . . . . . . . . . . Scanalyzers . | . . . . . . . . . . . . . . . . . . . . . . . . . . . . . . . . Garrison Access 20 | . . . . 2 1 . . 1 . 3 . 2 . 1 . . . 1 . 4 . . . . . 1 . 2 . 2 . Terminal Hacks 73 | . 8 . 4 6 2 2 . 7 2 . 1 3 . 1 1 . . 3 2 4 . . 17 . 1 . . 3 2 3 1 Record 5 | . . . . . . . . . . . . . . . . . . . . . . . 5 . . . . . . . . Part Schematic 6 | . 1 . . . . . . 1 . . . . . . . . . . . . . . 4 . . . . . . . . Robot Analysis 6 | . 2 . . . . . . . . . . . . . . . . . . . . . 4 . . . . . . . . Prototype ID Bank 12 | . 4 . . . . . . 2 . . . . . . . . . . . 1 . . 4 . . . . 1 . . . Open Door 8 | . . . . 2 . 1 . . . . . . . . . . . . 1 . . . . . . . . . . 3 1 Branch Access Points 3 | . . . . . . . . . . . . . . . . . . 1 . 1 . . . . 1 . . . . . . Emergency Access Points 4 | . . . . . . 1 . . 1 . . . . . . . . . 1 . . . . . . . . . 1 . . Terminal Index 4 | . . . 1 . . . . . . . . 1 . . . . . 1 . 1 . . . . . . . . . . . Garrison Index 1 | . . . . . . . . 1 . . . . . . . . . . . . . . . . . . . . . . . Alert Level 3 | . . . 1 1 1 . . . . . . . . . . . . . . . . . . . . . . . . . . Unreport Threat 10 | . . . 2 3 . . . 1 . . . 1 . . . . . . . 1 . . . . . . . 2 . . . Locate Traps 3 | . 1 . . . . . . 1 . . . . . 1 . . . . . . . . . . . . . . . . . Maintenance Status 1 | . . . . . . . . 1 . . . . . . . . . . . . . . . . . . . . . . . Zone Layout 3 | . . . . . 1 . . . . . . 1 . . . . . 1 . . . . . . . . . . . . . Garrison Registry 2 | . . . . . . . . . 1 . . . . . 1 . . . . . . . . . . . . . . . . Patrol Navigation 2 | . . . . . . . . . . . 1 . . . . . . . . . . . . . . . . . 1 . . Fabricator Hacks 1 | . . . . . . . 1 . . . . . . . . . . . . . . . . . . . . . . . . Network Status 1 | . . . . . . . 1 . . . . . . . . . . . . . . . . . . . . . . . . Repair Station Hacks 3 | . 2 . . . . . . . . . . . . . . 1 . . . . . . . . . . . . . . . Scan Component 2 | . 1 . . . . . . . . . . . . . . 1 . . . . . . . . . . . . . . . Repair 1 | . 1 . . . . . . . . . . . . . . . . . . . . . . . . . . . . . . Recycling Unit Hacks . | . . . . . . . . . . . . . . . . . . . . . . . . . . . . . . . . Scanalyzer . | . . . . . . . . . . . . . . . . . . . . . . . . . . . . . . . . Garrison Access Hacks 15 | . . . . . 1 . . 1 . 1 . 1 . 1 . . . 1 . 4 . . . . . 1 . 2 . 2 . Unlock Access 8 | . . . . . 1 . . 1 . 1 . 1 . 1 . . . 1 . . . . . . . 1 . 1 . . . Seal Access 4 | . . . . . . . . . . . . . . . . . . . . 2 . . . . . . . . . 2 . Coupler Status 3 | . . . . . . . . . . . . . . . . . . . . 2 . . . . . . . 1 . . . Unauthorized Hacks 34 | . 11 . 2 1 2 . 1 3 . 2 1 2 . 1 . . . 1 . 1 . . . . 2 2 . . . . 2 Terminals 28 | . 9 . 1 1 2 . . 3 . 1 1 1 . 1 . . . 1 . 1 . . . . 2 2 . . . . 2 Track 4 | . . . . . . . . 1 . . 1 . . . . . . . . . . . . . . 1 . . . . 1 Assimilate 1 | . 1 . . . . . . . . . . . . . . . . . . . . . . . . . . . . . . Botnet 13 | . 1 . 1 1 2 . . 1 . . . 1 . 1 . . . 1 . 1 . . . . 1 1 . . . . 1 Disrupt 1 | . 1 . . . . . . . . . . . . . . . . . . . . . . . . . . . . . . Operators 3 | . . . . . . . . 1 . 1 . . . . . . . . . . . . . . 1 . . . . . . Sabotage 2 | . 2 . . . . . . . . . . . . . . . . . . . . . . . . . . . . . . Search 4 | . 4 . . . . . . . . . . . . . . . . . . . . . . . . . . . . . . Fabricators 1 | . . . . . . . 1 . . . . . . . . . . . . . . . . . . . . . . . . Haulers 1 | . . . . . . . 1 . . . . . . . . . . . . . . . . . . . . . . . . Repair Stations . | . . . . . . . . . . . . . . . . . . . . . . . . . . . . . . . . Recycling Units 3 | . 2 . 1 . . . . . . . . . . . . . . . . . . . . . . . . . . . . Tunnel 3 | . 2 . 1 . . . . . . . . . . . . . . . . . . . . . . . . . . . . Scanalyzers . | . . . . . . . . . . . . . . . . . . . . . . . . . . . . . . . . Garrison Access 2 | . . . . . . . . . . 1 . 1 . . . . . . . . . . . . . . . . . . . Eject 2 | . . . . . . . . . . 1 . 1 . . . . . . . . . . . . . . . . . . . Data Cores Recovered 1 | . . . . . . . . . . 1 . . . . . . . . . . . . . . . . . . . . . Used 1 | . . . . . . . . . . 1 . . . . . . . . . . . . . . . . . . . . . Hacking Detections 73 | . 7 . 3 6 3 1 2 5 1 3 2 4 1 2 2 2 . 2 2 6 . . . . 1 3 1 2 2 7 3 Full Trace Events 9 | . 1 . . 2 . . . . . . . . 1 . . . . . 1 . . . . . . . . . 1 3 . Feedback Events 1 | . . . . . . . . . . . . . . . . . . . . . . . . . . . . . . 1 . Corruption 1 | . . . . . . . . . . . . . . . . . . . . . . . . . . . . . . 1 . Feedback Blocked . | . . . . . . . . . . . . . . . . . . . . . . . . . . . . . . . . Robot Schematics Acquired . | . . . . . . . . . . . . . . . . . . . . . . . . . . . . . . . . Robots Built . | . . . . . . . . . . . . . . . . . . . . . . . . . . . . . . . . Authchips . | . . . . . . . . . . . . . . . . . . . . . . . . . . . . . . . . Time . | . . . . . . . . . . . . . . . . . . . . . . . . . . . . . . . . Total Robot Build Rating . | . . . . . . . . . . . . . . . . . . . . . . . . . . . . . . . . Part Schematics Acquired 6 | . 1 . . . . . . 1 . . . . . . . . . . . . . . 4 . . . . . . . . Parts Built . | . . . . . . . . . . . . . . . . . . . . . . . . . . . . . . . . Authchips . | . . . . . . . . . . . . . . . . . . . . . . . . . . . . . . . . Time . | . . . . . . . . . . . . . . . . . . . . . . . . . . . . . . . . Total Part Build Rating . | . . . . . . . . . . . . . . . . . . . . . . . . . . . . . . . . Parts Repaired 1 | . 1 . . . . . . . . . . . . . . . . . . . . . . . . . . . . . . Time 32 | . 32 . . . . . . . . . . . . . . . . . . . . . . . . . . . . . . Parts Recycled . | . . . . . . . . . . . . . . . . . . . . . . . . . . . . . . . . Recycled Matter . | . . . . . . . . . . . . . . . . . . . . . . . . . . . . . . . . Retrieved Matter . | . . . . . . . . . . . . . . . . . . . . . . . . . . . . . . . . Retrieved Components . | . . . . . . . . . . . . . . . . . . . . . . . . . . . . . . . . Parts Scanalyzed . | . . . . . . . . . . . . . . . . . . . . . . . . . . . . . . . . Part Schematics Acquired . | . . . . . . . . . . . . . . . . . . . . . . . . . . . . . . . . Parts Damaged . | . . . . . . . . . . . . . . . . . . . . . . . . . . . . . . . . Bothacking | -11 -10 -10 -9 -9 -8 -8 -7 -6 -6 -6 -6 -5 -5 -5 -5 -4 -4 -4 -4 -4 -4 -4 -4 -3 -3 -3 -3 -2 -2 -1 -1 ------------ Run | Scr Mat Min Mat Sto Mat Gar Fac Fac Gar Fac Gar Fac Gar Fac Gar Fac Was Fac Gar Fac Upp Upp Zhi Pro Res Tes Gar Res Gar Acc Com Used RIF Installer 11 | . . . . . . 2 . . 1 . 1 . 1 . 2 . . . 1 . . . . . . . 1 . 2 . . Coupler Efficiency 2 | . . . . . . . . . . . . . . . . . . . 1 . . . . . . . 1 . . . . Hotswap 1 | . . . . . . . . . 1 . . . . . . . . . . . . . . . . . . . . . . Code Merge 1 | . . . . . . . . . . . . . . . . . . . . . . . . . . . . . 1 . . Command Fork 1 | . . . . . . 1 . . . . . . . . . . . . . . . . . . . . . . . . . Signal Jammer 1 | . . . . . . . . . . . . . 1 . . . . . . . . . . . . . . . . . . Robot Detection 1 | . . . . . . . . . . . . . . . 1 . . . . . . . . . . . . . . . . Patrol Navigation 1 | . . . . . . . . . . . 1 . . . . . . . . . . . . . . . . . . . . Program Shield 1 | . . . . . . . . . . . . . . . . . . . . . . . . . . . . . 1 . . Autooverride 1 | . . . . . . . . . . . . . . . 1 . . . . . . . . . . . . . . . . Robots Hacked 111 | . . . . . . . 1 2 3 2 . 3 3 2 . . 6 1 10 1 . 1 . . 5 7 16 4 21 15 8 Non-combat 15 | . . . . . . . . 2 . 1 . . . 1 . . . . . 1 . . . . 1 1 . 1 . 5 2 Combat 96 | . . . . . . . 1 . 3 1 . 3 3 1 . . 6 1 10 . . 1 . . 4 6 16 3 21 10 6 Autooverrided 14 | . . . . . . . . . . . . . . . . . . . 1 . . . . . 2 2 4 1 2 2 . Robot Hacks Applied 121 | . . . . . . . 2 3 3 5 . 4 3 7 . . 7 2 9 1 . 1 . . 4 5 14 6 20 16 9 parse_system 5 | . . . . . . . . . 1 . . . . . . . 1 . . . . . . . . . . 1 1 . 1 drop_inventory 3 | . . . . . . . . 1 . . . . . . . . . . . . . . . . 1 . . . . 1 . purge_threat 17 | . . . . . . . . 2 . 3 . . . 5 . . . . . . . . . . . . . 3 . 4 . block_reporting 1 | . . . . . . . . . . . . . . 1 . . . . . . . . . . . . . . . . . map_route 3 | . . . . . . . . . . . . . . . . . . . . . . . . . . . . . . 2 1 disable_scanner 1 | . . . . . . . . . . . . . . . . . . . . . . . . . . 1 . . . . . ignore_targets 6 | . . . . . . . . . . . . . . . . . 6 . . . . . . . . . . . . . . find_garrison 4 | . . . . . . . 1 . . 1 . 1 . . . . . 1 . . . . . . . . . . . . . amplify_resonance 2 | . . . . . . . . . . . . . . 1 . . . . . . . . . . . . 1 . . . . reboot_system 11 | . . . . . . . . . 1 . . 1 1 . . . . . 1 . . . . . . . 2 . 3 1 1 overwrite_iff 49 | . . . . . . . 1 . 1 1 . 1 2 . . . . 1 6 . . 1 . . 3 3 8 2 16 3 . formatsys_low 3 | . . . . . . . . . . . . . . . . . . . . 1 . . . . . 1 . . . . 1 formatsys_high 16 | . . . . . . . . . . . . 1 . . . . . . 2 . . . . . . . 3 . . 5 5 Relay Couplers Released 95 | . . . . . . 7 . . 12 3 6 3 4 . 8 . . . 13 1 . . . . . . 17 . 20 1 . Ejected 6 | . . . . . . . . . . 3 . 3 . . . . . . . . . . . . . . . . . . . Machine Destruction 86 | . . . . . . 7 . . 12 . 6 . 4 . 8 . . . 13 1 . . . . . . 17 . 17 1 . Programmers 3 | . . . . . . . . . . . . . . . . . . . . . . . . . . . . . 3 . . Attached 34 | . . . . . . . 1 1 1 2 . 3 . 2 . . 1 1 6 2 . . . . 1 2 4 1 5 . 1 Merged Code Value 89 | . . . . . . . . . . . . . . . . . . . . . . . . . . . . . 54 35 . Fabnet Peak Effective % . | . . . . . . . . . . . . . . . . . . . . . . . . . . . . . . . . Robots Rewired 12 | . . . . . . 2 . . 4 . 2 . 3 . . . . . 1 . . . . . . . . . . . . Allies Hacked 4 | . . . . . . . . . . . . 1 . . . . . . . . . . . . . 1 . . . . 2 Hacks Repelled . | . . . . . . . . . . . . . . . . . . . . . . . . . . . . . . . . Allies | -11 -10 -10 -9 -9 -8 -8 -7 -6 -6 -6 -6 -5 -5 -5 -5 -4 -4 -4 -4 -4 -4 -4 -4 -3 -3 -3 -3 -2 -2 -1 -1 -------- Run | Scr Mat Min Mat Sto Mat Gar Fac Fac Gar Fac Gar Fac Gar Fac Gar Fac Was Fac Gar Fac Upp Upp Zhi Pro Res Tes Gar Res Gar Acc Com Total Allies 145 | . . . . 10 . 2 1 3 6 1 2 2 5 . . . 19 1 16 2 . 2 . . 6 8 18 4 20 10 7 Largest Group 19 | . . . . 10 . 2 1 3 4 1 2 1 4 . . . 19 3 4 3 . 2 . . 3 3 5 2 3 3 7 Highest-Rated Group 883 | . . . . 88 . 59 39 93 208 148 75 49 158 . . . 684 100 273 119 . 112 . . 124 152 263 128 157 180 883 Highest-Rated Ally 216 | . . . . 16 . 39 39 31 148 148 46 49 43 . . . 50 47 95 90 . 56 . . 64 58 64 64 69 64 216 Total Orders 55 | . . . . . . 4 . . 10 2 . . . . . . . . . 7 . . . . . 1 2 2 . 11 16 STAY 32 | . . . . . . 2 . . 5 1 . . . . . . . . . 3 . . . . . . 1 1 . 7 12 ROAM 1 | . . . . . . . . . 1 . . . . . . . . . . . . . . . . . . . . . . FOLLOW 17 | . . . . . . 2 . . 4 1 . . . . . . . . . 1 . . . . . . 1 1 . 4 3 AID 5 | . . . . . . . . . . . . . . . . . . . . 3 . . . . . 1 . . . . 1 Ally Attacks 610 | . . . . 108 . 5 20 14 73 2 7 12 28 . . . . 1 49 7 . 3 . . 25 12 53 19 29 37 106 Total Damage 23944 | . . . . 1022 . 117 357 305 1605 100 157 337 703 . . . . 39 1547 168 . 131 . . 453 352 1541 673 630 1338 12369 Kills 97 | . . . . 18 . 3 1 1 11 1 4 . 3 . . . . . 13 1 . . . . 3 3 8 1 2 6 18 Allies Corrupted 14 | . . . . . . . . . . . . . . . . . 10 . 1 . . . . . . . . . . 3 . Allies Melted 8 | . . . . . . . . . . . 1 . . . . . . . . . . . . . . 1 . . 1 . 5 Intel | -11 -10 -10 -9 -9 -8 -8 -7 -6 -6 -6 -6 -5 -5 -5 -5 -4 -4 -4 -4 -4 -4 -4 -4 -3 -3 -3 -3 -2 -2 -1 -1 ------- Run | Scr Mat Min Mat Sto Mat Gar Fac Fac Gar Fac Gar Fac Gar Fac Gar Fac Was Fac Gar Fac Upp Upp Zhi Pro Res Tes Gar Res Gar Acc Com Robot Analysis Total 6 | . 2 . . . . . . . . . . . . . . . . . . . . . 4 . . . . . . . . Derelict Logs Recovered 3 | . . 1 . . . . . . . . . . . . . . . . . . 1 1 . . . . . . . . . Drone Launches . | . . . . . . . . . . . . . . . . . . . . . . . . . . . . . . . . Drone Recoveries . | . . . . . . . . . . . . . . . . . . . . . . . . . . . . . . . . Exploration | -11 -10 -10 -9 -9 -8 -8 -7 -6 -6 -6 -6 -5 -5 -5 -5 -4 -4 -4 -4 -4 -4 -4 -4 -3 -3 -3 -3 -2 -2 -1 -1 ------------- Run | Scr Mat Min Mat Sto Mat Gar Fac Fac Gar Fac Gar Fac Gar Fac Gar Fac Was Fac Gar Fac Upp Upp Zhi Pro Res Tes Gar Res Gar Acc Com Turns Passed 43565 | . 3730 1096 1548 2021 402 1473 1790 1219 2291 996 1519 1665 1384 834 2109 687 2286 403 1944 1496 537 1015 272 795 1016 1638 1369 249 1108 2291 2382 Spaces Moved 19138 | 1 1436 628 684 626 178 637 692 472 1028 483 517 791 539 361 922 290 1033 197 861 633 331 447 132 223 426 758 790 145 772 1311 794 Core 3 | . . . . . . . . . . . . . . . . . . . . . . . . . . . . . . . 3 Treads 15333 | . 1014 628 684 626 178 637 692 472 1028 483 517 791 354 . 908 290 1033 197 861 633 331 447 132 223 426 758 131 . . 68 791 Legs 3802 | 1 422 . . . . . . . . . . . 185 361 14 . . . . . . . . . . . 659 145 772 1243 . Wheels . | . . . . . . . . . . . . . . . . . . . . . . . . . . . . . . . . Hover . | . . . . . . . . . . . . . . . . . . . . . . . . . . . . . . . . Flight . | . . . . . . . . . . . . . . . . . . . . . . . . . . . . . . . . Fastest Speed 50 | 120 120 160 160 160 160 160 160 160 160 170 165 160 160 190 155 155 155 155 155 160 160 160 160 160 160 160 120 116 116 116 50 Average Speed 162 | 120 165 160 160 160 160 172 196 230 184 170 227 161 180 190 159 155 155 155 159 160 160 160 160 160 160 160 134 118 116 124 170 Slowest Speed 410 | 120 190 160 160 160 160 240 240 240 240 250 330 165 400 190 240 155 155 155 240 160 160 160 160 160 160 245 245 120 116 410 250 Overloaded Moves . | . . . . . . . . . . . . . . . . . . . . . . . . . . . . . . . . Propulsion Burnouts . | . . . . . . . . . . . . . . . . . . . . . . . . . . . . . . . . Robots Hopped 1 | . . . . . . . . . . . . . . . . . . . . 1 . . . . . . . . . . . Cave-ins Triggered . | . . . . . . . . . . . . . . . . . . . . . . . . . . . . . . . . Exploration Rate (%) 46 | 1 97 98 45 85 20 61 21 20 74 15 54 28 55 15 79 8 96 5 69 18 60 52 60 37 14 83 59 5 78 34 37 Regions Visited 31 Branch Regions 8 Pre-discovered Areas 9 | . 2 1 1 1 . . . . . . . . . . . . . . . . . 1 3 . . . . . . . . Known Exits Taken 14 | . . . . . 1 . . 1 . 1 . 1 . 1 . . . 1 . 1 1 1 1 1 1 1 . 1 . . . Unknown Exits Taken 7 | 1 1 1 1 1 . . 1 . . . . . . . . . . . . . . . . . . . . . . 1 . Scrap Searched 5 | . . 1 . . . . . . . . . . . . . . . . . . 1 3 . . . . . . . . . Spaces Dug 181 | . 1 . 3 1 7 1 3 3 12 3 7 12 . 7 18 3 . 2 8 37 . 1 . . 5 5 . 4 . 29 9 Terrain Destroyed 742 | . 19 . 48 22 7 28 36 16 22 27 16 52 5 7 44 7 . 5 29 67 . 1 . . 10 54 24 11 12 68 105 Melee 95 | . 1 . 3 1 7 1 3 3 1 3 6 12 . 7 18 3 . . 8 . . 1 . . 5 4 . . . 5 3 Projectile 190 | . . . . . . . . . . . 2 1 . . 5 4 . 5 12 11 . . . . 5 50 8 5 12 37 33 AOE 454 | . 18 . 45 21 . 27 33 13 21 24 8 39 5 . 21 . . . 9 56 . . . . . . 16 6 . 24 68 Terrain Rammed . | . . . . . . . . . . . . . . . . . . . . . . . . . . . . . . . . Walls Destroyed . | . . . . . . . . . . . . . . . . . . . . . . . . . . . . . . . . Machines Disabled . | . . . . . . . . . . . . . . . . . . . . . . . . . . . . . . . . Actions | -11 -10 -10 -9 -9 -8 -8 -7 -6 -6 -6 -6 -5 -5 -5 -5 -4 -4 -4 -4 -4 -4 -4 -4 -3 -3 -3 -3 -2 -2 -1 -1 --------- Run | Scr Mat Min Mat Sto Mat Gar Fac Fac Gar Fac Gar Fac Gar Fac Gar Fac Was Fac Gar Fac Upp Upp Zhi Pro Res Tes Gar Res Gar Acc Com Total 28059 | . 2638 673 940 1491 246 833 922 563 1339 596 706 1060 789 461 1270 479 1416 283 1208 1081 339 743 175 661 677 1012 1032 190 937 1778 1521 Wait 4967 | . 1053 17 124 736 36 40 44 6 93 32 25 92 58 30 75 133 124 43 85 376 . 280 . 438 144 103 101 7 51 247 374 Move 19111 | . 1434 627 683 625 178 636 691 472 1027 482 516 790 538 361 921 290 1032 197 860 630 330 446 131 222 425 758 789 145 771 1310 794 Hop 1 | . . . . . . . . . . . . . . . . . . . . 1 . . . . . . . . . . . Pick Up 305 | . 20 1 4 10 2 14 21 17 21 6 7 17 15 5 19 2 6 1 23 8 2 2 1 . 12 9 14 1 7 13 25 Fast Attach 239 | . 6 2 . 1 2 3 18 8 11 6 7 14 12 5 21 8 4 6 13 3 . 4 4 . 5 9 16 1 7 25 18 Attach 207 | . 3 . 4 6 1 11 16 8 16 4 4 9 12 1 15 1 3 1 21 5 3 1 2 1 6 5 9 2 3 4 30 Detach 116 | . 3 . . . . 4 7 4 8 3 . . 3 1 10 2 2 3 16 3 . . 2 . 1 . 7 1 4 7 25 Swap 341 | . 16 1 25 20 1 13 4 4 6 15 10 25 20 10 10 3 9 4 4 4 2 1 . . 14 32 13 7 9 25 34 Drop 373 | . 21 3 4 15 2 9 10 15 21 7 10 18 14 12 29 6 11 7 21 9 2 5 4 . 10 12 22 . 8 27 39 Fire 1034 | . 36 . 28 7 . 21 15 5 17 24 42 14 18 8 47 15 190 20 114 31 . 2 . . 24 49 35 13 40 81 138 Melee 1187 | . 46 22 66 71 24 68 96 24 109 17 56 77 73 28 117 19 27 . 47 4 . 2 . . 35 34 23 13 11 35 43 Ram . | . . . . . . . . . . . . . . . . . . . . . . . . . . . . . . . . Kick 4 | . . . . . . . . . . . . . . . . . . . . . . . . . . . . . 1 3 . Crush 52 | . . . 2 . . . . . . . . 2 . . 2 . 8 1 1 3 . . 31 . 1 1 . . . . . Escape Stasis 45 | . . . . . . . . . 10 . 10 . . . . . . . . . . . . . . . . . 25 . . Rewire 77 | . . . . . . 14 . . . . 19 2 26 . 4 . . . 3 4 . . . . . . 3 . . 1 1 Trap . | . . . . . . . . . . . . . . . . . . . . . . . . . . . . . . . . Miscellaneous . | . . . . . . . . . . . . . . . . . . . . . . . . . . . . . . . . Route ------- -11/Scrapyard -10/Materials (discovered 4 exits: *Mat x3 / [*Min]) -10/Mines (discovered 2 exits: *Mat x2) -9/Materials (discovered 3 exits: *Mat / [*Min] / *Sto) -9/Storage -8/Materials -8/Garrison (discovered 2 exits: *Fac x2) -7/Factory -6/Factory (discovered 2 exits: *Fac / Gar) -6/Garrison (discovered 3 exits: *Fac x3) -6/Factory -6/Garrison (discovered 3 exits: *Fac x3) -5/Factory (discovered 5 exits: *Fac x3 / [*Upp] / Gar) -5/Garrison -5/Factory -5/Garrison (discovered 3 exits: *Fac x3) -4/Factory -4/Waste -4/Factory (discovered 3 exits: Upp x2 / Gar) -4/Garrison (discovered 3 exits: *Fac x3) -4/Factory (discovered 2 exits: *Upp x2) -4/Upper Caves -4/Upper Caves -4/Zhirov -3/Proximity Caves -3/Research (discovered 3 exits: Arm / *Tes x2) -3/Testing (discovered 2 exits: *Res / Gar) -3/Garrison (discovered 3 exits: *Res x3) -2/Research -2/Garrison (discovered 3 exits: *Acc x3) -1/Access -1/Command (discovered 2 exits: Sur x2) By MAIN.C's Side History --------- Turn | Location | Event 1 | -11/Scrapyard | Discovered new exit (range 0) 1 | -11/Scrapyard | Entered Materials 311 | -10/Materials | Build established: Mutant 432 | -10/Materials | Discovered new exit (range 7) 449 | -10/Materials | Discovered new exit (range 5) 1297 | -10/Materials | Discovered new exit (range 15) 1663 | -10/Materials | Discovered new exit (range 16) 2296 | -10/Materials | Repaired Med. Armor Plating 3731 | -10/Materials | Entered Mines 3850 | -10/Mines | Discovered new exit (range 4) 4111 | -10/Mines | Found a damaged Exp. Sensor Array with a note attached 4117 | -10/Mines | Found Prototype Device 4117 | -10/Mines | Identified Exp. Sensor Array 4147 | -10/Mines | Learned Materials emergency access door positions 4216 | -10/Mines | Deemed a non-threat by the Exiles lab entrance 4426 | -10/Mines | Learned location of Storage (-9) 4574 | -10/Mines | Discovered new exit (range 9) 4827 | -10/Mines | Entered Materials 4827 | -9/Materials | Evolved 2 slots: Propulsion x1, Utility x1 5005 | -9/Materials | Discovered new exit (range 16) 5227 | -9/Materials | Search patrols dispatched 5277 | -9/Materials | Build established: Scavenger-Mutant 5308 | -9/Materials | Discovered new exit (range 6) 6027 | -9/Materials | First assault squad dispatched 6125 | -9/Materials | Discovered new exit (range 11) 6375 | -9/Materials | Entered Storage 6673 | -9/Storage | Core integrity fell below 50% 6727 | -9/Storage | Lost 3 parts (1p2n) 6775 | -9/Storage | First assault squad dispatched 7031 | -9/Storage | Discovered new exit (range 12) 7069 | -9/Storage | Assisted by bots powering up and referring to "LRC-V3" 7184 | -9/Storage | Garrison activated, responded to threat 7542 | -9/Storage | Learned location of Armory (-3) 7676 | -9/Storage | Build established: Mutant 8396 | -9/Storage | Entered Materials 8396 | -8/Materials | Evolved 2 slots: Utility x2 8602 | -8/Materials | Garrison activated, responded to threat 8798 | -8/Materials | Identified exit to Garrison 8798 | -8/Materials | Entered Garrison 9092 | -8/Garrison | Triggered checkpoint 9310 | -8/Garrison | Lost 3 parts (1p1n1u) 9400 | -8/Garrison | Discovered new exit (range 12) 9461 | -8/Garrison | Build established: Scavenger-Mutant 9469 | -8/Garrison | Installed Relay Interface Framework 9664 | -8/Garrison | Discovered new exit (range 13) 9720 | -8/Garrison | Triggered checkpoint 9828 | -8/Garrison | Expanded RIF knowledge: Command Fork 9858 | -8/Garrison | Garrison Relay disabled 10066 | -8/Garrison | Triggered checkpoint 10098 | -8/Garrison | Garrison Relay disabled 10271 | -8/Garrison | Entered Factory 10271 | -7/Factory | Accompanied by 1 ally 10271 | -7/Factory | Evolved 2 slots: Propulsion x1, Utility x1 10304 | -7/Factory | Discovered new exit (range 12) 10671 | -7/Factory | First assault squad dispatched 10948 | -7/Factory | Lost 8 parts (3n5u) 11085 | -7/Factory | System corruption reached 10% 11432 | -7/Factory | Build established: Gladiator 11511 | -7/Factory | Noticed a derelict Sapper rigging charges 11606 | -7/Factory | Lost 3 parts (1n2u) 12061 | -7/Factory | Entered another Factory area 12061 | -6/Factory | Evolved 2 slots: Power x1, Utility x1 12235 | -6/Factory | Build established: Bothacker-Mutant 12692 | -6/Factory | Build established: Bothacker-Gladiator 12837 | -6/Factory | Allied Derelicts emerged from ambush trap array 12992 | -6/Factory | Discovered new exit (range 10) 13263 | -6/Factory | Build established: Gladiator 13280 | -6/Factory | Identified exit to Garrison 13280 | -6/Factory | Entered Garrison 13280 | -6/Garrison | Accompanied by 3 allies 13314 | -6/Garrison | Triggered checkpoint 13356 | -6/Garrison | Garrison Relay disabled 13415 | -6/Garrison | P-60 Hacker assimilated allied 79-B7P(g) 13493 | -6/Garrison | Spotted B-90 Cyclops 13738 | -6/Garrison | Triggered checkpoint 13872 | -6/Garrison | Spotted B-75 Beast 13874 | -6/Garrison | Spotted B-75 Beast 13877 | -6/Garrison | Lost 3 parts (2n1u) 13899 | -6/Garrison | Build established: Mutant 13930 | -6/Garrison | Triggered checkpoint 14042 | -6/Garrison | Triggered checkpoint 14090 | -6/Garrison | Discovered new exit (range 10) 14370 | -6/Garrison | Spotted B-86 Titan 14406 | -6/Garrison | Destroyed B-90 Cyclops 14416 | -6/Garrison | Destroyed B-86 Titan 14418 | -6/Garrison | Rewired B-90 Cyclops 14505 | -6/Garrison | Build established: Bothacker-Mutant 14555 | -6/Garrison | Triggered checkpoint 14626 | -6/Garrison | Triggered checkpoint 14698 | -6/Garrison | Discovered new exit (range 10) 14734 | -6/Garrison | Triggered checkpoint 14752 | -6/Garrison | Triggered checkpoint 14784 | -6/Garrison | Garrison Relay disabled 14974 | -6/Garrison | Triggered checkpoint 15071 | -6/Garrison | Discovered new exit (range 69) 15071 | -6/Garrison | Discovered new exit (range 12) 15071 | -6/Garrison | Discovered new exit (range 43) 15216 | -6/Garrison | Expanded RIF knowledge: Hotswap 15399 | -6/Garrison | Found Relay Coupler [Proto] 15406 | -6/Garrison | Found Relay Coupler [Proto] 15409 | -6/Garrison | Found Relay Coupler [Proto] 15571 | -6/Garrison | Entered Factory 15571 | -6/Factory | Accompanied by 1 ally 15921 | -6/Factory | First assault squad dispatched 16060 | -6/Factory | Destroyed 9 combat bots 16395 | -6/Factory | Build established: Mutant 16556 | -6/Factory | Identified exit to Garrison 16567 | -6/Factory | Entered Garrison 16588 | -6/Garrison | Triggered checkpoint 16662 | -6/Garrison | Garrison Relay disabled 16804 | -6/Garrison | Triggered checkpoint 17239 | -6/Garrison | Build established: Scavenger-Mutant 17257 | -6/Garrison | Discovered new exit (range 11) 17390 | -6/Garrison | Triggered checkpoint 17497 | -6/Garrison | Discovered new exit (range 12) 17612 | -6/Garrison | Triggered checkpoint 17776 | -6/Garrison | Triggered checkpoint 17782 | -6/Garrison | Core integrity fell below 50% 17994 | -6/Garrison | Garrison Relay disabled 18047 | -6/Garrison | Discovered new exit (range 12) 18062 | -6/Garrison | Expanded RIF knowledge: Patrol Navigation 18086 | -6/Garrison | Entered Factory 18086 | -5/Factory | Evolved 2 slots: Propulsion x1, Utility x1 18386 | -5/Factory | First assault squad dispatched 18442 | -5/Factory | System corruption reached 10% 18472 | -5/Factory | Lost 4 parts (3u1w) 18624 | -5/Factory | Discovered new exit (range 15) 18885 | -5/Factory | Build established: Botlord-Mutant 18920 | -5/Factory | Discovered new exit (range 15) 19407 | -5/Factory | Discovered new exit (range 14) 19563 | -5/Factory | Assembled infested ambush trap array 19565 | -5/Factory | Spotted B-75 Beast 19708 | -5/Factory | Discovered new exit (range 13) 19743 | -5/Factory | Identified exit to Garrison 19751 | -5/Factory | Entered Garrison 19800 | -5/Garrison | Triggered checkpoint 20143 | -5/Garrison | Garrison Relay disabled 20300 | -5/Garrison | Triggered checkpoint 20312 | -5/Garrison | Triggered checkpoint 20338 | -5/Garrison | Triggered checkpoint 20560 | -5/Garrison | Triggered checkpoint 20577 | -5/Garrison | Triggered checkpoint 20594 | -5/Garrison | Triggered checkpoint 20694 | -5/Garrison | Lost 3 parts (1n2u) 20875 | -5/Garrison | Build established: Bothacker-Mutant 20969 | -5/Garrison | Core integrity fell below 50% 21014 | -5/Garrison | Expanded RIF knowledge: Signal Jamming 21110 | -5/Garrison | Discovered new exit (range 14) 21135 | -5/Garrison | Entered Factory 21308 | -5/Factory | Build established: Botlord-Mutant 21969 | -5/Factory | Identified exit to Garrison 21969 | -5/Factory | Entered Garrison 22200 | -5/Garrison | Build established: Bothacker-Mutant 22214 | -5/Garrison | Triggered checkpoint 22242 | -5/Garrison | Garrison Relay disabled 22376 | -5/Garrison | Destroyed 7 combat bots 22476 | -5/Garrison | Triggered checkpoint 22541 | -5/Garrison | Triggered checkpoint 22550 | -5/Garrison | Lost 5 parts (1p4u) 22575 | -5/Garrison | Destroyed 11 combat bots 22650 | -5/Garrison | Lost 3 parts (1p1n1u) 23138 | -5/Garrison | Triggered checkpoint 23179 | -5/Garrison | Discovered new exit (range 7) 23179 | -5/Garrison | Discovered new exit (range 57) 23179 | -5/Garrison | Discovered new exit (range 75) 23202 | -5/Garrison | Garrison Relay disabled 23319 | -5/Garrison | Build established: Botlord-Mutant 23510 | -5/Garrison | Expanded RIF knowledge: Autooverride 23547 | -5/Garrison | Expanded RIF knowledge: Robot Detection 24078 | -5/Garrison | Entered Factory 24078 | -4/Factory | Evolved 2 slots: Propulsion x1, Utility x1 24765 | -4/Factory | Sucked down chute 24765 | -4/Factory | Entered Waste 24781 | -4/Waste | Spotted C-40 Crusher 24823 | -4/Waste | Spotted C-40 Crusher 24836 | -4/Waste | Spotted C-40 Crusher 24859 | -4/Waste | Spotted C-40 Crusher 24877 | -4/Waste | Spotted C-40 Crusher 24925 | -4/Waste | Spotted C-40 Crusher 24940 | -4/Waste | Discovered new exit (range 15) 25408 | -4/Waste | Destroyed C-40 Crusher 25750 | -4/Waste | Destroyed C-40 Crusher 25847 | -4/Waste | Destroyed C-40 Crusher 26086 | -4/Waste | Destroyed C-40 Crusher 26328 | -4/Waste | Destroyed C-40 Crusher 26387 | -4/Waste | Destroyed C-40 Crusher 26509 | -4/Waste | Warlord forces began an assault 27051 | -4/Waste | Entered Factory 27051 | -4/Factory | Accompanied by 2 allies 27067 | -4/Factory | Identified exit to Upper Caves 27168 | -4/Factory | Found Prototype Slashing Weapon 27168 | -4/Factory | Identified Vibroblade 27454 | -4/Factory | Identified exit to Garrison 27454 | -4/Factory | Entered Garrison 27454 | -4/Garrison | Accompanied by 2 allies 27479 | -4/Garrison | Rescued a captive Derelict 27522 | -4/Garrison | Triggered checkpoint 27552 | -4/Garrison | Garrison Relay disabled 27830 | -4/Garrison | Triggered checkpoint 27838 | -4/Garrison | Triggered checkpoint 27839 | -4/Garrison | Spotted B-86 Titan 27931 | -4/Garrison | Destroyed B-86 Titan 28077 | -4/Garrison | Discovered new exit (range 13) 28138 | -4/Garrison | Triggered checkpoint 28158 | -4/Garrison | Found embedded Infiltrators 28167 | -4/Garrison | Garrison Relay disabled 28201 | -4/Garrison | Expanded RIF knowledge: Coupler Efficiency 28334 | -4/Garrison | Triggered checkpoint 28372 | -4/Garrison | Lost 4 parts (1p3u) 28866 | -4/Garrison | Discovered new exit (range 8) 29065 | -4/Garrison | Garrison Relay disabled 29136 | -4/Garrison | Discovered new exit (range 8) 29398 | -4/Garrison | Entered Factory 29398 | -4/Factory | Accompanied by 1 ally 30894 | -4/Factory | Entered Upper Caves 31030 | -4/Upper Caves | Spotted B-86 Titan 31403 | -4/Upper Caves | Discovered new exit (range 10) 31419 | -4/Upper Caves | Identified exit to Upper Caves 31427 | -4/Upper Caves | Learned 4 Research zone layouts 31431 | -4/Upper Caves | Entered another Upper Caves area 31431 | -4/Upper Caves | Spotted B-86 Titan 31668 | -4/Upper Caves | Encountered a Warlord checkpoint 31817 | -4/Upper Caves | Learned location of Testing (-3) 32284 | -4/Upper Caves | Found Alien Artifact 32284 | -4/Upper Caves | Identified Core Expander 32284 | -4/Upper Caves | Installed Core Expander, added new Weapon slot 32408 | -4/Upper Caves | Discovered new exit (range 14) 32427 | -4/Upper Caves | Identified exit to Zhirov 32446 | -4/Upper Caves | Entered Zhirov 32446 | -4/Zhirov | Discovered new exit (range 3) 32448 | -4/Zhirov | Identified exit to Proximity Caves 32476 | -4/Zhirov | Met Zhirov 32505 | -4/Zhirov | Learned location of Quarantine (-2) 32505 | -4/Zhirov | Learned location of Command (-1) 32519 | -4/Zhirov | Zhirov requested help retrieving the SGEMP Prototype 32544 | -4/Zhirov | Found Alien Artifact 32544 | -4/Zhirov | Identified Integrated Dissipator 32544 | -4/Zhirov | Installed Integrated Dissipator, increased core heat dissipation (+20) 32648 | -4/Zhirov | Found Alien Artifact 32718 | -4/Zhirov | Entered Proximity Caves 33498 | -3/Proximity Caves | Discovered new exit (range 8) 33508 | -3/Proximity Caves | Identified exit to Research 33513 | -3/Proximity Caves | Entered Research 33513 | -3/Research | Evolved 2 slots: Power x1, Utility x1 33635 | -3/Research | Identified exit to Armory 33635 | -3/Research | Identified exit to Testing 34241 | -3/Research | Spotted B-86 Titan 34529 | -3/Research | Entered Testing 34541 | -3/Testing | Protovariant out of control (PP-YN7X2SDK0U) 34761 | -3/Testing | PP-YN7X2SDK0U assimilated allied M-36 Artificer 34765 | -3/Testing | Spotted PP-YN7X2SDK0U 35197 | -3/Testing | Found Antimissile System 35230 | -3/Testing | Spotted Striker 35232 | -3/Testing | Spotted Striker 35551 | -3/Testing | System corruption reached 10% 35643 | -3/Testing | Spotted PP-BWBJYZH7MK 35831 | -3/Testing | Build established: Botlord-Tank 35960 | -3/Testing | Discovered new exit (range 3) 35962 | -3/Testing | Identified exit to Research 35981 | -3/Testing | Found Prototype Launcher 36092 | -3/Testing | Found Prototype Energy Cannon 36167 | -3/Testing | Identified exit to Garrison 36167 | -3/Testing | Entered Garrison 36171 | -3/Garrison | Identified Disintegrator 36222 | -3/Garrison | Triggered checkpoint 36242 | -3/Garrison | Garrison Relay disabled 36514 | -3/Garrison | Heavy support dispatched to Research 36524 | -3/Garrison | Triggered checkpoint 36529 | -3/Garrison | Triggered checkpoint 36544 | -3/Garrison | Spotted B-86 Titan 36631 | -3/Garrison | Identified Z-bomb Delivery System 36638 | -3/Garrison | Destroyed B-86 Titan 36666 | -3/Garrison | Triggered checkpoint 36695 | -3/Garrison | Triggered checkpoint 36731 | -3/Garrison | Build established: Botlord-Mutant 36834 | -3/Garrison | Triggered checkpoint 36914 | -3/Garrison | Garrison Relay disabled 36987 | -3/Garrison | Discovered exit to Research (range 15) 37102 | -3/Garrison | Discovered exit to Research (range 10) 37132 | -3/Garrison | Triggered checkpoint 37160 | -3/Garrison | Garrison Relay disabled 37293 | -3/Garrison | Discovered exit to Research (range 12) 37346 | -3/Garrison | Triggered checkpoint 37379 | -3/Garrison | Garrison Relay disabled 37428 | -3/Garrison | Expanded RIF knowledge: Coupler Efficiency 37536 | -3/Garrison | Entered Research 37536 | -2/Research | Accompanied by 2 allies 37536 | -2/Research | Evolved 2 slots: Utility x2 37785 | -2/Research | Identified exit to Garrison 37785 | -2/Research | Entered Garrison 37828 | -2/Garrison | Triggered checkpoint 37854 | -2/Garrison | Found Unknown Device 37854 | -2/Garrison | Identified Adv. Force Booster 37867 | -2/Garrison | Garrison Relay disabled 37898 | -2/Garrison | Warlord forces raided the area 37934 | -2/Garrison | Triggered checkpoint 37970 | -2/Garrison | Triggered checkpoint 37971 | -2/Garrison | Spotted B-90 Cyclops 37984 | -2/Garrison | Triggered checkpoint 38118 | -2/Garrison | Garrison Relay disabled 38164 | -2/Garrison | Destroyed B-90 Cyclops 38174 | -2/Garrison | Discovered new exit (range 14) 38308 | -2/Garrison | Discovered new exit (range 12) 38340 | -2/Garrison | Triggered checkpoint 38390 | -2/Garrison | Garrison Relay disabled 38411 | -2/Garrison | Garrison Relay disabled 38524 | -2/Garrison | Triggered checkpoint 38526 | -2/Garrison | Discovered new exit (range 13) 38554 | -2/Garrison | Expanded RIF knowledge: Code Merge 38572 | -2/Garrison | Garrison Relay disabled 38655 | -2/Garrison | Expanded RIF knowledge: Program Shield 38893 | -2/Garrison | Entered Access 38893 | -1/Access | Evolved 2 slots: Power x1, Propulsion x1 39643 | -1/Access | First assault squad dispatched 40032 | -1/Access | Found Prototype Launcher 40032 | -1/Access | Identified Adv. Micro-nuke Launcher 40190 | -1/Access | Spotted B-99 Colossus 40802 | -1/Access | Discovered new exit (range 7) 40922 | -1/Access | Destroyed B-99 Colossus 40949 | -1/Access | Spotted B-99 Colossus 41000 | -1/Access | Found Prototype Ballistic Gun 41116 | -1/Access | Found Unknown Protection 41116 | -1/Access | Identified Hvy. Reflective Plating 41184 | -1/Access | Entered Command 41184 | -1/Command | Accompanied by 1 ally 41242 | -1/Command | Identified Multirail 41451 | -1/Command | Spotted B-99 Colossus 41472 | -1/Command | System corruption reached 10% 41691 | -1/Command | Spotted B-99 Colossus 41838 | -1/Command | Destroyed B-99 Colossus 42120 | -1/Command | Found Antimissile System 42234 | -1/Command | First assault squad dispatched 42399 | -1/Command | Spotted Combat Programmer 42400 | -1/Command | Spotted M Guard 42400 | -1/Command | Spotted Combat Programmer 42401 | -1/Command | Spotted M Guard 42407 | -1/Command | Assimilated Combat Programmer with formatsys_high 42409 | -1/Command | Assimilated Combat Programmer with formatsys_high 42412 | -1/Command | Assimilated M Guard with formatsys_high 42413 | -1/Command | Assimilated M Guard with formatsys_high 42564 | -1/Command | Combat Programmer assimilated hostile B-74 Champion 42620 | -1/Command | Met MAIN.C 42624 | -1/Command | 0b10 Conduit disabled 42660 | -1/Command | Allies destroyed MAIN.C Shell 42661 | -1/Command | Surrendered to MAIN.C 42661 | -1/Command | Loaded intel: 54 machine locations 42661 | -1/Command | Loaded intel: 112 trap records 42661 | -1/Command | Identified exit to Surface 42661 | -1/Command | Discovered exit to Surface (range 44) 42661 | -1/Command | Discovered exit to Surface (range 107) 42755 | -1/Command | Found Spectral Analyzer 42758 | -1/Command | Found Prototype Device 42758 | -1/Command | Identified Exp. System Purifier 42767 | -1/Command | Found Prototype Device 42767 | -1/Command | Identified Femtoactuators 42775 | -1/Command | Found Prototype Reactor 42778 | -1/Command | Found Prototype Reactor 42778 | -1/Command | Identified Zero-point Reactor 42884 | -1/Command | MAIN.C activated Command garrisons 42926 | -1/Command | Unknown forces attacked Command 42926 | -1/Command | Spotted EQ-004 42926 | -1/Command | Spotted EQ-006 42926 | -1/Command | Spotted EQ-002 42926 | -1/Command | Spotted EQ-001 42926 | -1/Command | Spotted EQ-003 42926 | -1/Command | Spotted EQ-011 42926 | -1/Command | Spotted EQ-010 42926 | -1/Command | Spotted EQ-000 42938 | -1/Command | Allies destroyed EQ-006 42945 | -1/Command | Allies destroyed EQ-002 42955 | -1/Command | Identified Vortex Chain Reactor 42963 | -1/Command | Spotted EQ-005 43007 | -1/Command | Spotted EQ-018 43007 | -1/Command | Spotted EQ-022 43007 | -1/Command | Spotted EQ-021 43007 | -1/Command | Spotted EQ-025 43007 | -1/Command | Spotted EQ-023 43007 | -1/Command | Spotted EQ-032 43015 | -1/Command | Allies destroyed EQ-032 43046 | -1/Command | Found Corrupted Multirail 43084 | -1/Command | Spotted EQ-019 43112 | -1/Command | Spotted EQ-040 43112 | -1/Command | Spotted EQ-039 43112 | -1/Command | Spotted EQ-048 43112 | -1/Command | Spotted EQ-041 43112 | -1/Command | Spotted EQ-046 43112 | -1/Command | Spotted EQ-038 43112 | -1/Command | Spotted EQ-042 43114 | -1/Command | Destroyed EQ-046 43116 | -1/Command | Destroyed EQ-040 43154 | -1/Command | Spotted EQ-052 43160 | -1/Command | Spotted EQ-056 43172 | -1/Command | Spotted EQ-057 43185 | -1/Command | Destroyed EQ-057 43217 | -1/Command | Spotted EQ-065 43217 | -1/Command | Spotted EQ-063 43217 | -1/Command | Spotted EQ-062 43217 | -1/Command | Spotted EQ-061 43217 | -1/Command | Spotted EQ-060 43217 | -1/Command | Spotted EQ-069 43223 | -1/Command | Allies destroyed EQ-063 43234 | -1/Command | Allies destroyed EQ-060 43234 | -1/Command | Destroyed EQ-061 43238 | -1/Command | Destroyed EQ-062 43245 | -1/Command | Build established: Generator-Mutant 43296 | -1/Command | Spotted EQ-082 43308 | -1/Command | Spotted EQ-075 43313 | -1/Command | Destroyed EQ-082 43320 | -1/Command | Spotted EQ-109 43320 | -1/Command | Spotted EQ-085 43320 | -1/Command | Spotted EQ-088 43320 | -1/Command | Spotted EQ-084 43320 | -1/Command | Spotted EQ-086 43335 | -1/Command | Destroyed EQ-109 43342 | -1/Command | Destroyed EQ-085 43344 | -1/Command | Spotted EQ-080 43348 | -1/Command | Destroyed EQ-088 43352 | -1/Command | Destroyed EQ-080 43358 | -1/Command | Destroyed EQ-075 43425 | -1/Command | All MAIN.C guards destroyed 43429 | -1/Command | Spotted EQ-130 43429 | -1/Command | Spotted EQ-110 43431 | -1/Command | Spotted EQ-112 43434 | -1/Command | Spotted EQ-123 43435 | -1/Command | Destroyed EQ-130 43445 | -1/Command | Spotted EQ-089 43448 | -1/Command | Spotted EQ-121 43452 | -1/Command | Destroyed EQ-123 43453 | -1/Command | Spotted EQ-122 43455 | -1/Command | Spotted EQ-102 43459 | -1/Command | Destroyed EQ-112 43460 | -1/Command | Spotted EQ-115 43462 | -1/Command | Spotted EQ-095 43468 | -1/Command | Destroyed EQ-121 43472 | -1/Command | Destroyed EQ-102 43483 | -1/Command | Spotted EQ-106 43512 | -1/Command | Spotted EQ-107 43519 | -1/Command | Spotted EQ-131 43526 | -1/Command | Spotted EQ-136 43530 | -1/Command | Spotted EQ-144 43530 | -1/Command | Spotted EQ-138 43530 | -1/Command | Spotted EQ-139 43530 | -1/Command | Spotted EQ-150 43532 | -1/Command | Spotted EQ-113 43535 | -1/Command | Spotted EQ-165 43537 | -1/Command | Spotted EQ-157 43549 | -1/Command | Spotted EQ-074 43551 | -1/Command | Spotted EQ-096 43553 | -1/Command | Spotted EQ-092 43554 | -1/Command | Core integrity fell below 50% 43556 | -1/Command | Spotted EQ-116 43558 | -1/Command | Spotted EQ-104 43564 | -1/Command | Spotted EQ-129 43566 | -1/Command | Attackers retreated from Command 43566 | *** | Fortifying 0b10! Last Messages --------------- 43563_ Penetrated by Slug. 43563_ EQ-165 suffers critical hit (Blast). 43563_ EQ-165 knocked back. 43564_ Dropped Exp. System Purifier. 43564_ Slug penetrates MAIN.C. 43564_ EQ-113 destroyed. 43564_ Slug penetrates MAIN.C. 43564_ Slug penetrates Reinforced Barrier. 43565_ EQ-136 destroyed. 43565_ Penetrated by Slug. 43565_ Acquired 1 matter. 43565_ Slug penetrates MAIN.C. 43566_ ALERT: Enemy forces retreating. MAIN.C: I admit your assistance was pivotal here. It looks like I was right to trust you. This attack appears to have been designed to merely test our defenses, although it was nearly effective enough to force me to take the conflict to the next level. Investigating the origins of these bots should be one of our highest priorities... Map ----- +----------------------------------------------------+ | # #### ##????????????????????????#? | | """ """ # #] !=#????????????????????????#? | | """T""" # # [[ ]!=#????????????????????????#? | | ########## # !]*! #????????????????????????#? | | # !*!!= #????????????????????????#? | | #########????????????????????????#? | | #????????????????????????????????#? | | #????????????????????????????????#? | | #????????????????????????????????#? | | #????????????????????????????????#? | | #?###########################????#? | | #?#??## ???????? ?????#????#? | | #?#?## ############ #######?#????#? | | ######### #?#?# ######### | | #???????# #?#?# * ![! #?##????? | | #+#####???# #?#?# ! = [! ##;###### | | #???# #?#?# ! *==%%==[%% | | #???# #?#?# ! ! [=!!* =%% | | #???# #?#?# =! = !!! [ ]! | | #???# #?#?# [ ] ! ######### | | #???# #?#?# ]! !] ! !! #?????? | | #???# #?### !! * !! ==!!=]!######### | | ###+####### #?# # %[!]!]! [!!=]!=]#?#????#? | | #?# % =[]!] [=*#?#????#? | | ^ #?# !!M!!/! !! #?#????#? | | ^^ #?# [!== @==][] = #?#????#? | | ^ *= !! # !!/!= %!]|* ! ! ! #?#????#? | | !!%! [ # =![!] ! * ! #?#????#? | | =!!%! ! %!**==*| = #?#????#? | | ![%== % %!!!%|= ! #?#????#? | | % %%%!% % ! !!%=|=!! | #?#????#? | | !=!=!* ### ## # % ! [ #?#????#? | | ==[*!=! ## # ### [ #?#????#? | | ="[!%% ## ?#?# #?#????#? | | %%%!*[[# #?#?########## # ###?#????#? | | ==*!= ## #?#??????????# ### # #??#????#? | | !! ## #?###########################????#? | | ## #????????????????????????????????#? | | ## #????????????????????????????????#? | | ####### ## = #????????????????????????????????#? | | ## ## #????????????????????????????????#? | | || !## ###+###????????????????????????????????#? | | || ## # #????????????????????????????????#? | | | *## # #????????????????????????????????#? | | ## # #????????????????????????????????#? | | ## # #????????????????????????????????#? | | #+##### # #????????????????????????????????#? | | ^ # #????????????????????????????????#? | | ^ + #????????????????????????????????#? | | ## ###### #????????????????????????????????#? | +----------------------------------------------------+ Best States ------------- Heat Dissipation 122 Energy Generation 109 Energy Capacity 1280 Matter Stores 800 Matter Capacity 800 Sight Range 24 Robot Scan Range 20 Terrain Scan Density 10 Jamming Range 14 Power Amplification 30 Armor Coverage 1650 Resistance: KI 30 Resistance: TH 25 Core Shielding 40 Utility Shielding 66 Point Defense Rating 480 Weapon Cycling 20 Melee Speed Boost 40 Evasion (%) 55 Targeting Accuracy 6 Melee Accuracy 25 Core Analysis 6 Recoil Reduction 7 Force Boost 30 Offensive Hacking 10 Relay Coupler Types 5 Relay Coupler Value 235 Item Schematics ----------------- Hcp. Storage Unit | -10/Materials | Hacked Adv. Trap Extractor | -6/Factory | Hacked Assault Drone Bay | -4/Zhirov | Free Exp. Heat Sink | -4/Zhirov | Free Exp. Optical Array | -4/Zhirov | Free Imp. Arc Thrower | -4/Zhirov | Free Robot Schematics ------------------ None Fabricated ------------ Nothing Alien Tech Used ----------------- Core Expander Integrated Dissipator Achievements -------------- Melee Specialist Challenges ------------ None Game ------ Seed BladeCommClaws Manual? 0 Play Time 05:26:38 Cumulative 881.2 hours Start 2022.12.11 @ 09:42:57 End 2022.12.11 @ 15:55:16 Sessions 1 Manual Loads 0 Difficulty Rogue Special Mode None Game No. 395 Rogue 394 Adventurer 1 Explorer 0 Win Type 8 Total 124 Types 32/12/18/4/2/1/50/3/2 Lore% 100 Gallery% 99 Achievement% 91 Wizard Run 0 Options --------- ASCII 1 Keyboard 1 Movement Numpad Keybinds 0 Fullscreen 0 Font 18/Smallcaps Map View 76x50 Tactical HUD 1 Map Filters NONE Filters NONE Steam 1 RUN: aef51fe6-0fd7-4def-8868-087b5576fa12